 Dungeon Crawl Stone Soup version 0.31-a0-940-gdaa99269f9 (webtiles) character file.

Game seed: 15591337756909367716

1097300 Xavori the Ninja (level 27, -14/104 (144) HPs)
             Began as a Vine Stalker Chaos Knight on Oct 20, 2023.
             Was a Favourite Plaything of Xom.
             Demolished by a caustic shrike (20 damage)
             ... while paralysed
             ... on level 4 of the Iron City of Dis on Oct 21, 2023.
             The game lasted 02:45:12 (70444 turns).

Xavori the Ninja (Vine Stalker Chaos Knight)       Turns: 70444, Time: 02:45:13

HP:   -14/104 (144) AC: 23    Str: 25      XL:     27
MP:   0/37          EV:  2    Int:  0 (7)  God:    Xom [.*....]
Gold: 1864          SH:  0    Dex: 33      Spells: 25/45 levels left

rFire   + + .        b - +9 quick blade (spect)
rCold   + + .        J - +10 tower shield of Ignorance {rN+ Int-4}
rNeg    + + +        D - +11 shadow dragon scales
rPois   +            W - +0 hat of Integrity {Regen+ Str+4 Int-2}
rElec   +            G - +2 cloak {rPois}
rCorr   +            w - +1 pair of gloves "Umuqy" {rCorr Int+2 Dex+4}
SInv    .            T - -1 pair of boots of Ahyl {+Blink Fly rN+ Will-}
Will    ++++.        q - amulet of Sihur {rN+ Regen+} Stlth ****++++++
                     x - ring "Teniadd" {rF+ Str+6 Slay+2 Stlth+}
HPRegen 2.77/turn    F - ring "Maghoemu" {Slay+4 Stlth+}
MPRegen 0.25/turn

%: guardian spirit
@: paralysed, corroded, flying, slowed, lost intelligence, studying 2 skills,
very heavily drained, unable to read
A: fangs 3, regeneration 1, magic shield, antimagic bite, no potion heal 2,
iridescent scales 1, agile 1, cold resistance 2, fire resistance 1, frail 1,
strong-willed 2, electricity resistance, weak 1, [deterioration 1]
}: 13/15 runes: serpentine, barnacled, slimy, silver, obsidian, icy, bone,
abyssal, demonic, glowing, magical, fiery, dark
a: Renounce Religion, Evoke Blink


You were on level 4 of the Iron City of Dis.
You worshipped Xom.
You were a plaything of Xom.
You visited 16 branches of the dungeon, and saw 80 of its levels.
You visited Pandemonium 1 time, and saw 22 of its levels.
You visited the Abyss 1 time.
You visited 1 bazaar.
You also visited: Ossuary, Bailey, Gauntlet and Volcano.

You collected 16995 gold pieces.
You spent 15131 gold pieces at shops.

Inventory:

Hand Weapons
 b - a +9 spectral quick blade (weapon)
 Q - a +9 vampiric quick blade
Armour
 a - the +4 Cigotuvi's embrace {Corpsefed rMiasma Drain rN+}
   (You found it on level 3 of the Depths)

   Corpsefed: It gathers nearby corpses to temporarily increase the armour it
   provides.
   rMiasma:   It protects you from foul pestilence.
   rN+:       It protects you from negative energy.
   Drain:     It drains your maximum health when unequipped.
 e - a +2 pair of gloves of infusion
 v - a +2 helmet of see invisible
 w - the +1 pair of gloves "Umuqy" (worn) {rCorr Int+2 Dex+4}
   (You found it on level 3 of the Elven Halls)

   Int+2:     It affects your intelligence (+2).
   Dex+4:     It affects your dexterity (+4).
   rCorr:     It protects you from acid and corrosion.
 D - +11 shadow dragon scales (worn)
 G - a +2 cloak of poison resistance (worn)
 J - the +10 tower shield of Ignorance (worn) {rN+ Int-4}
   (You found it on level 5 of the Pits of Slime)

   Int-4:     It affects your intelligence (-4).
   rN+:       It protects you from negative energy.
 O - the +9 ring mail of Tulips {Stlth+}
   (You found it in a bailey)

   Stlth+:    It makes you more stealthy.
 T - the -1 pair of boots of Ahyl (worn) {+Blink Fly rN+ Will-}
   (You found it on level 3 of the Elven Halls)

   rN+:       It protects you from negative energy.
   Will-:     It decreases your willpower.
   Fly:       It grants you flight.
   +Blink:    It lets you blink.
 W - the +0 hat of Integrity (worn) {Regen+ Str+4 Int-2}
   (Xom gifted it to you on level 1 of the Crypt)

   Str+4:     It affects your strength (+4).
   Int-2:     It affects your intelligence (-2).
   Regen+:    It increases your rate of health regeneration.
 X - the +1 pair of boots "Keucaed" {rC+ MP+9 Dex+3}
   (You found it in a Gauntlet)

   Dex+3:     It affects your dexterity (+3).
   rC+:       It protects you from cold.
   MP+9:      It affects your magic capacity (+9).
Jewellery
 q - the amulet of Sihur (around neck) {rN+ Regen+}
   (You bought it in a shop on level 2 of the Snake Pit)

   [amulet of regeneration]

   rN+:       It protects you from negative energy.
   Regen+:    It increases your rate of health regeneration.
 t - the ring of Igauk {rElec rC+ Slay+2}
   (You bought it in a shop on level 2 of the Snake Pit)

   [ring of protection from cold]

   Slay+2:    It affects your accuracy & damage with ranged weapons and melee
   (+2).
   rC+:       It protects you from cold.
   rElec:     It insulates you from electricity.
 x - the ring "Teniadd" (left hand) {rF+ Str+6 Slay+2 Stlth+}
   (You took it off a tengu reaver on level 5 of the Vaults)

   [ring of strength]

   Str+6:     It affects your strength (+6).
   Slay+2:    It affects your accuracy & damage with ranged weapons and melee
   (+2).
   rF+:       It protects you from fire.
   Stlth+:    It makes you more stealthy.
 F - the ring "Maghoemu" (right hand) {Slay+4 Stlth+}
   (You took it off a hell knight on level 5 of the Vaults)

   [ring of slaying]

   Slay+4:    It affects your accuracy & damage with ranged weapons and melee
   (+4).
   Stlth+:    It makes you more stealthy.
 I - the ring "Oxusue" {*Corrode rF++ Will++ Str+6}
   (You took it off a deep elf death mage on level 3 of the Elven Halls)

   [ring of strength]

   Str+6:     It affects your strength (+6).
   rF++:      It greatly protects you from fire.
   Will++:    It greatly increases your willpower.
   *Corrode:  It may corrode you when you take damage.
 K - the ring of Kiamn {Fly rC- rN+ MP+9 Dex+6}
   (You bought it in a shop on level 4 of the Vaults)

   [ring of dexterity]

   Dex+6:     It affects your dexterity (+6).
   rC-:       It makes you vulnerable to cold.
   rN+:       It protects you from negative energy.
   MP+9:      It affects your magic capacity (+9).
   Fly:       It grants you flight.
 M - the ring "Hucealak" {rPois Will+ Int-3 Dex+10}
   (You found it in Pandemonium)

   [ring of willpower]

   Int-3:     It affects your intelligence (-3).
   Dex+10:    It affects your dexterity (+10).
   rPois:     It protects you from poison Will+: It increases your willpower.
 Z - a ring of see invisible
Talismans
 m - a granite talisman
Wands
 k - a wand of roots (80)
 C - a wand of paralysis (85)
 P - a wand of acid (83)
 S - a wand of digging (9)
Scrolls
 c - 7 scrolls of butterflies
 d - 2 scrolls of enchant armour
 f - 17 scrolls of fog
 h - 7 scrolls of poison
 n - 13 scrolls of amnesia
 o - 4 scrolls of silence
 r - 39 scrolls of teleportation
 z - 4 scrolls of revelation
 L - 10 scrolls of fear
 U - 5 scrolls of blinking
Potions
 g - 15 potions of brilliance
 i - 32 potions of curing
 j - 7 potions of mutation
 l - 3 potions of haste
 p - 2 potions of invisibility
 s - 4 potions of cancellation
 E - 4 potions of magic
 H - 12 potions of enlightenment
 N - 5 potions of lignification
 R - 5 potions of ambrosia
 V - 6 potions of resistance
Miscellaneous
 A - a phantom mirror
 Y - a condenser vane


   Skills:
 + Level 22.0 Fighting
 + Level 22.1 Short Blades
 + Level 16.1 Armour
 + Level 21.4 Dodging
 O Level 27 Stealth
 + Level 21.0 Shields
 - Level 9.9 Spellcasting
 + Level 14.3 Translocations
 - Level 6.4 Evocations
 - Level 22.3 Shapeshifting


You had 25 spell levels left.
You knew the following spells:

 Your Spells              Type           Power      Damage    Failure   Level
a - Blink                 Tloc           0%         N/A       1%          2
b - Manifold Assault      Tloc           0%         N/A       4%          4
c - Dispersal             Tloc           0%         N/A       56%         6
d - Disjunction           Tloc           0%         N/A       100%        8

Your spell library contained the following spells:

 Spells                   Type           Power      Damage    Failure   Level
 Apportation              Tloc           0%         N/A       1%          1
 Lesser Beckoning         Tloc           0%         N/A       1%          2
 Passage of Golubria      Tloc           0%         N/A       4%          4
 Momentum Strike          Conj/Tloc      0%         3d8       13%         2
 Volatile Blastmotes      Fire/Tloc      0%         2d10      26%         3
 Dimensional Bullseye     Hex/Tloc       0%         N/A       63%         4
 Iskenderun's Mystic Bla  Conj/Tloc      0%         2d3       63%         4
 Vhi's Electric Charge    Tloc/Air       0%         N/A       63%         4
 Foxfire                  Conj/Fire      0%         2x1d4     85%         1
 Kiss of Death            Conj/Necr      0%         2d5       85%         1
 Magic Dart               Conj           0%         1d3       85%         1
 Necrotise                Necr           0%         1d4       85%         1
 Sandblast                Erth           0%         2d4       85%         1
 Shock                    Conj/Air       0%         1d3       85%         1
 Slow                     Hex            0%         N/A       85%         1
 Sting                    Tmut/Pois      0%         1d3       85%         1
 Summon Small Mammal      Summ           0%         N/A       85%         1
 Summon Forest            Summ/Tloc      0%         N/A       93%         5
 Call Imp                 Summ           0%         N/A       94%         2
 Cigotuvi's Dreadful Rot  Necr/Pois/Air  0%         N/A       94%         2
 Ensorcelled Hibernation  Hex/Ice        0%         N/A       94%         2
 Jinxbite                 Hex            0%         N/A       94%         2
 Passwall                 Tmut/Erth      0%         N/A       94%         2
 Poisonous Vapours        Pois/Air       0%         N/A       94%         2
 Scorch                   Fire           0%         2d5       94%         2
 Searing Ray              Conj           0%         2d4       94%         2
 Static Discharge         Conj/Air       0%         3-3/arc   94%         2
 Sublimation of Blood     Necr           0%         N/A       94%         2
 Wereblood                Tmut           0%         N/A       94%         2
 Confusing Touch          Hex            0%         N/A       99%         3
 Dazzling Flash           Conj/Hex       0%         N/A       99%         3
 Hailstorm                Conj/Ice       0%         3d3       99%         3
 Ignite Poison            Fire/Tmut/Pois 0%         N/A       99%         3
 Inner Flame              Hex/Fire       0%         N/A       99%         3
 Mephitic Cloud           Conj/Pois/Air  0%         N/A       99%         3
 Sigil of Binding         Hex            0%         N/A       99%         3
 Stone Arrow              Conj/Erth      0%         3d7       99%         3
 Summon Guardian Golem    Hex/Summ       0%         N/A       99%         3
 Swiftness                Air            0%         N/A       99%         3
 Tukima's Dance           Hex            0%         N/A       99%         3
 Vampiric Draining        Necr           0%         2d6       99%         3
 Airstrike                Air            0%         2d(0-16)  100%        4
 Anguish                  Hex/Necr       0%         N/A       100%        4
 Animate Armour           Summ/Erth      0%         N/A       100%        4
 Animate Dead             Necr           0%         N/A       100%        4
 Brom's Barrelling Bould  Conj/Erth      0%         2d3       100%        4
 Cause Fear               Hex            0%         N/A       100%        4
 Dispel Undead            Necr           0%         3d6       100%        4
 Flame Wave               Conj/Fire      0%         2d4       100%        4
 Fulminant Prism          Conj/Hex       0%         3d5       100%        4
 Leda's Liquefaction      Hex/Erth       0%         N/A       100%        4
 Olgreb's Toxic Radiance  Pois           0%         N/A       100%        4
 Petrify                  Tmut/Erth      0%         N/A       100%        4
 Sticky Flame             Conj/Fire      0%         2d3       100%        4
 Summon Ice Beast         Ice/Summ       0%         N/A       100%        4
 Summon Lightning Spire   Summ/Air       0%         N/A       100%        4
 Agony                    Necr           0%         N/A       100%        5
 Alistair's Intoxication  Tmut/Pois      0%         N/A       100%        5
 Arcjolt                  Conj/Air       0%         1d10      100%        5
 Fireball                 Conj/Fire      0%         3d3       100%        5
 Freezing Cloud           Conj/Ice/Air   0%         6-21      100%        5
 Irradiate                Conj/Tmut      0%         3d11      100%        5
 Iskenderun's Battlesphe  Conj           0%         2d6       100%        5
 Lee's Rapid Deconstruct  Erth           0%         3d4*      100%        5
 Silence                  Hex/Air        0%         N/A       100%        5
 Summon Mana Viper        Hex/Summ       0%         N/A       100%        5
 Yara's Violent Unravell  Hex/Tmut       0%         3d3       100%        5
 Bombard                  Conj/Erth      0%         9d1       100%        6
 Conjure Ball Lightning   Conj/Air       0%         3x3d6     100%        6
 Death Channel            Necr           0%         N/A       100%        6
 Eringya's Noxious Bog    Tmut/Pois      0%         4d6       100%        6
 Plasma Beam              Fire/Air       0%         2x1d10    100%        6
 Starburst                Conj/Fire      0%         6d3       100%        6
 Summon Cactus Giant      Summ           0%         N/A       100%        6
 Enfeeble                 Hex            0%         N/A       100%        7
 Malign Gateway           Summ/Tloc      0%         N/A       100%        7
 Monstrous Menagerie      Summ           0%         N/A       100%        7
 Orb of Destruction       Conj           0%         9d5       100%        7
 Spellforged Servitor     Conj/Summ      0%         N/A       100%        7
 Discord                  Hex            0%         N/A       100%        8
 Ignition                 Fire           0%         3d3       100%        8
 Infestation              Necr           0%         N/A       100%        8
 Lehudib's Crystal Spear  Conj/Erth      0%         10d2      100%        8
 Summon Horrible Things   Summ           0%         N/A       100%        8
 Dragon's Call            Summ           0%         N/A       100%        9
 Fire Storm               Conj/Fire      0%         5d1       100%        9
 Shatter                  Erth           0%         3d5*      100%        9


Dungeon Overview and Level Annotations

Branches:
Dungeon (15/15)            Temple (0/1) D:5            Lair (5/5) D:11
 Shoals (4/4) Lair:3        Snake (4/4) Lair:3        Slime (5/5) Lair:5
    Orc (2/2) D:10            Elf (3/3) Orc:2        Vaults (5/5) D:13
  Crypt (3/3) Vaults:2       Tomb (0/3) Crypt:3      Depths (4/4) D:15
   Hell (visited)             Dis (4/7) Hell            Geh (7/7) Hell
    Coc (7/7) Hell            Tar (7/7) Hell            Zot (4/5) Depths:4
Ossuary (visited)          Bailey (visited)         Volcano (visited)
Gauntlet (visited)

Altars:
Ashenzari
Cheibriados
Dithmenos
Elyvilon
Fedhas
Hepliaklqana
Kikubaaqudgha
Nemelex Xobeh
Okawaru
Ru
Sif Muna
Uskayaw
Wu Jian
Xom
Yredelemnul
Zin
The Shining One
Jiyva

Shops:
D:2 [   D:13 :   Orc:2 **:[   Elf:1 ?[(:   Elf:2 (   Elf:3 *   Shoals:1 ?
Shoals:2 **   Snake:1 :[::   Snake:2 !=:=   Snake:4 [   Vaults:2 *   Vaults:4 =
Depths:1 *   Depths:3 ([?

Portals:
Hell: Depths:1 Depths:2 Depths:3 Depths:4
Abyss: Depths:2 Depths:3 Depths:4
Pandemonium: Depths:2
Ziggurat: Depths:3

Annotations:
D:13 exclusion: oklob sapling
Lair:3 3 runed translucent doors, Sitazake's ghost, journeyman TrWr; Tacw's ghost, journeyman MeSh; Zekheivah's ghost, journeyman MeSh
Snake:4 6 transporters


Innate Abilities, Weirdness & Mutations

You have razor-sharp teeth.
Your natural rate of healing is unusually fast.
When hurt, damage is shared between your health and your magic reserves.
Your bite disrupts and absorbs the magic of your enemies.
Potions cannot restore your health.
You are partially covered in iridescent scales. (AC +2)
You are agile. (Dex +4, Str/Int -1)
Your flesh is very cold resistant. (rC++)
Your flesh is heat resistant. (rF+)
You are frail. (-10% HP)
You are highly strong-willed. (Will++)
You are resistant to electric shocks. (rElec)
You are weak. (Str -2)
[Your body sometimes deteriorates upon taking damage.]


Message History

There is an open door here.
There is a large open door here.
There is a large open door here.
Things that are here:
a +0 plate armour; a +1 great mace of draining You see here a +0 morningstar.
There is a stone staircase leading down here.
You fly downwards.
Something moves in the shadows at the edge of your vision.
You feel yourself wasting away.
There is a gateway leading out of Dis, spattered with blood here.
There is an open door here.
There is an open door here.
There is an open door here.
There is an open door here.
There is an open door here.
There is a stone staircase leading down here.
You fly downwards. "We have you now!"
You feel dopey.
You have lost your intelligence.
The caustic shrike claws you!!
You are splashed with acid.
You resist.
The caustic shrike claws you but does no damage. x2
The caustic shrike claws you! The acid corrodes you!
You are splashed with acid.
You resist. The caustic shrike claws you!! The acid corrodes you!
You are splashed with acid.
You resist. The caustic shrike claws you!
You are splashed with acid.
You resist. The caustic shrike claws you.
You are splashed with acid.
You resist.
The caustic shrike claws you but does no damage.
The ancient champion casts a spell at you.
The iron shot hits you!!!
* * * LOW HITPOINT WARNING * * *
Xom roars with laughter!
The caustic shrike claws you!!
* * * LOW HITPOINT WARNING * * *
You are splashed with acid.
You resist.
* * * LOW HITPOINT WARNING * * *
The caustic shrike claws you but does no damage.
The caustic shrike claws you!!
You die...
Xom titters!

#+####
#....####+
##........#
#.........#
##.........#
#...z......##
##...b.......#
+.....@......#
##....zb.....#
##..........+
##.......###
##....###
##.### #+#


You could see 2 caustic shrikes and 2 ancient champions.

Vanquished Creatures
  Cerebov (Pan)
  Antaeus (Coc:7)
  the Royal Jelly (Slime:5)
  Asmodeus (Geh:7)
  Ereshkigal (Tar:7)
  Gloorx Vloq (Pan)
  Lom Lobon (Pan)
  the Serpent of Hell (Geh:7)
  Mnoleg (Pan)
  8 ancient liches
  4 dread liches
  3 juggernauts
  Mennas (Pan)
  Josephina (Depths:2)
  Sojobo (Depths:1)
  Bai Suzhen (Shoals:4)
  Boris (twice) (Vaults:4 Depths:2)
  24 shard shrikes
  Parghit (Depths:4)
  3 curse toes
  Saint Roka (Vaults:2)
  24 caustic shrikes
  4 pandemonium lords (Pan)
  8 golden dragons
  Geryon (Hell)
  Jory (Vaults:4)
  5 profane servitors
  15 doom hounds
  26 bone dragons
  17 Brimstone Fiends
  2 iron giants (Hell)
  9 Tzitzimimeh
  8 hellephants
  A spectral shard shrike (Tar:5)
  Zenata (Elf:3)
  Rupert (D:15)
  An electric golem (Zot:4)
  8 Hell Sentinels
  A shard shrike zombie (Crypt:2)
  14 tentacled monstrosities
  12 tainted leviathans
  A walking crystal tome (Depths:4)
  16 Ice Fiends
  A shard shrike skeleton (Crypt:1)
  Mlioglotl (Shoals:4)
  28 searing wretches
  Jorgrun (D:14)
  3 deep elf blademasters
  9 liches
  A walking earthen tome (Depths:3)
  7 quicksilver dragons
  16 Executioners (Pan)
  7 sphinxes
  The ghost of Foashama the Severer, an adept DsWr of Gozag (Elf:2)
  8 acid blobs
  12 titans
  10 tentacled starspawn
  Polyphemus (Shoals:3)
  14 ancient champions
  3 death cobs
  11 storm dragons
  Kirke (Elf:1)
  3 krakens
  6 nagarajas
  12 shadow dragons
  6 azure jellies
  7 draconian monks
  Ilsuiw (Shoals:3)
  5 demonspawn warmongers (Pan)
  8 tengu reavers
  Roxanne (D:15)
  A revenant (Crypt:3)
  16 fire giants
  8 deep elf sorcerers (Elf:3)
  2 iron dragons
  9 rockslimes
  A quicksilver elemental (Dis:2)
  15 narguns
  10 frost giants
  6 draconian knights
  13 vault wardens
  40 balrugs
  3 draconian scorchers
  Louise (Shoals:4)
  3 deep elf elementalists (Elf:3)
  4 spectral juggernauts
  5 shard shrike simulacra
  A ghost moth (Zot:3)
  13 cacodemons (Pan)
  9 draconian shifters
  5 ghouls
  5 draconian stormcallers
  2 spectral caustic shrikes
  4 curse skulls
  2 orc warlords (Depths:3)
  21 reapers
  3 formless jellyfish
  25 ironbound preservers
  14 very ugly things
  6 demonspawn corrupters (Pan)
  6 ironbound thunderhulks
  11 quicksilver oozes
  2 spriggan defenders (Depths:4)
  4 draconian annihilators
  A juggernaut skeleton (Pan)
  2 caustic shrike skeletons
  5 demonspawn blood saints (Pan)
  11 vampire knights
  8 war gargoyles
  13 green draconians
  8 deep elf demonologists
  15 stone giants
  3 black draconians
  10 white draconians
  18 elemental wellsprings
  14 red draconians
  4 demonspawn black suns (Pan)
  8 wendigos
  8 lorocyprocas
  A spectral titan (Tar:2)
  15 putrid mouths
  Azrael (D:14)
  5 dire elephants
  7 yellow draconians
  6 deep elf annihilators
  9 spark wasps
  10 purple draconians
  A minotaur (shapeshifter) (Vaults:5)
  9 blizzard demons
  4 minotaurs
  5 iron golems
  14 eidola
  A merfolk javelineer (Shoals:4)
  6 ettins
  14 green deaths (Pan)
  2 crystal guardians
  6 deep elf death magi
  A kraken zombie (Hell)
  18 yaktaur captains
  7 deep elf high priests
  2 entropy weavers
  3 mummy priests
  5 spectral spriggans
  A fire dragon (shapeshifter) (Vaults:5)
  A spectral quicksilver dragon (Tar:6)
  10 fire dragons
  8 merfolk impalers
  A quicksilver dragon skeleton (Crypt:1)
  10 jiangshi
  9 great orbs of eyes
  5 rakshasas
  9 caustic shrike simulacra
  31 vault guards
  7 juggernaut simulacra
  14 ice dragons
  Erolcha (D:11)
  7 hell beasts
  5 hydras
  5 ogre magi
  The ghost of Xidur the Eclecticist, a journeyman DEHW of Vehumet (D:12)
  3 merfolk avatars
  6 spriggan air magi
  9 salamander tyrants
  3 peacekeepers (Vaults:4)
  9 anacondas
  4 boulder beetles
  An alligator snapping turtle (Shoals:4)
  5 catoblepae
  4 ironbound frosthearts
  A catoblepas (shapeshifter) (Vaults:5)
  3 spriggan skeletons
  A sphinx skeleton (Vaults:2)
  6 two-headed ogres
  A death knight (Crypt:1)
  3 fenstrider witch skeletons
  8 stokers
  A satyr (shapeshifter) (Vaults:5)
  2 merfolk aquamancers (Shoals:3)
  11 naga warriors
  20 satyrs
  27 dancing weapons
  6 deep troll shamans
  30 hell hogs
  9 vampire magi
  29 centaur warriors
  A spectral stone giant (Tar:1)
  15 death yaks
  4 tengu warriors
  5 deep troll earth magi
  10 demonic crawlers
  5 spectral nagas
  A bennu skeleton (Crypt:2)
  An azure jelly zombie (Crypt:2)
  7 orc high priests
  A spriggan berserker (Depths:4)
  6 thrashing horrors
  55 sun demons
  2 naga sharpshooters
  9 soul eaters
  6 hell knights
  2 shock serpents
  5 wretched stars
  22 deep elf knights
  An emperor scorpion zombie (Crypt:2)
  26 skeletal warriors
  7 iron trolls
  A salamander mystic (Volcano)
  10 arcanists
  26 shadow wraiths
  13 sixfirhies (Pan)
  A fire crab (Depths:3)
  A death drake (Depths:3)
  3 skysharks
  A spectral anaconda (Tar:2)
  A golden dragon zombie (Crypt:2)
  2 anaconda zombies
  5 occultists
  5 glowing orange brains
  A spectral bunyip (Tar:1)
  71 deep trolls
  2 bog bodies
  A spectral iron dragon (Tar:2)
  2 swamp dragons (shapeshifter)
  21 ironbound convokers
  11 sea snakes
  9 shadow demons
  8 flayed ghosts
  4 naga ritualists
  17 deep elf archers
  7 quicksilver dragon simulacra
  9 lindwurms
  A spectral hydra (Tar:5)
  An iron giant skeleton (Crypt:2)
  A tengu zombie (Vaults:2)
  13 orc knights
  10 mana vipers
  20 harpies
  8 necromancers
  A harpy (shapeshifter) (Elf:3)
  9 phantasmal warriors
  A frost giant zombie (Crypt:3)
  A fenstrider witch simulacrum (Coc:2)
  26 large abominations
  An alligator zombie (Hell)
  41 deep elf pyromancers
  2 anaconda skeletons
  An iron dragon zombie (Crypt:2)
  15 manticores
  33 deep elf zephyrmancers
  5 orc sorcerers
  20 fauns
  4 cyclopes
  20 ugly things
  2 stone giant zombies
  2 ice statues
  A spectral alligator snapping turtle (Tar:3)
  3 shining eyes
  17 moths of wrath
  12 salamanders
  3 worldbinders
  3 centaur zombies
  A water nymph (shapeshifter) (Abyss:3)
  A dire elephant zombie (Hell)
  13 naga magi
  31 black mambas
  A moth of wrath (shapeshifter) (Lair:1)
  A fire giant skeleton (Geh:4)
  9 molten gargoyles
  3 spectral centaurs
  43 starcursed masses
  9 elephants
  An apocalypse crab (Abyss:3)
  8 merfolk sirens
  7 guardian serpents
  A stone giant skeleton (Crypt:1)
  An eye of devastation (shapeshifter) (Vaults:5)
  Maurice (D:9)
  7 water nymphs
  20 vault sentinels
  3 rust devils
  29 smoke demons
  A human zombie (Vaults:2)
  16 orange demons
  3 titan simulacra
  Maggie (D:6)
  A dire elephant skeleton (Geh:4)
  2 torpor snails
  An eye of devastation (Gauntlet)
  10 cane toads
  2 gargoyles (D:11)
  A death yak zombie (Crypt:2)
  3 rime drakes
  A centaur skeleton (D:15)
  2 kobold demonologists (Crypt:2)
  3 rime drakes (shapeshifter)
  28 hellions
  A naga skeleton (Crypt:3)
  3 unseen horrors
  7 efreet
  An elephant slug zombie (Crypt:3)
  5 komodo dragons
  46 yaktaurs
  22 tormentors
  A human skeleton (Vaults:2)
  An orb spider zombie (Crypt:3)
  A catoblepas skeleton (Pan)
  A yellow draconian skeleton (Crypt:3)
  12 ice devils
  A bunyip simulacrum (Coc:2)
  7 guardian mummies (Crypt:3)
  2 hydra zombies (Hell)
  2 iron giant simulacra
  3 tengu conjurers (Depths:1)
  A red draconian skeleton (Crypt:3)
  6 anaconda simulacra
  8 freezing wraiths
  2 red devils (Pan)
  2 silent spectres
  6 spectral harpies
  26 merfolk
  2 queen bees (D:8)
  4 polar bears
  8 trolls
  A tarantella (shapeshifter) (D:15)
  7 hellwings (Pan)
  A tarantella (Depths:3)
  7 wind drakes
  4 hornets
  A shadow dragon simulacrum (Vaults:2)
  Prince Ribbit (D:7)
  12 dream sheep
  8 snapping turtles
  7 raiju
  16 blink frogs
  A satyr zombie (Crypt:1)
  A tarantella zombie (Crypt:3)
  A slime creature (shapeshifter) (Elf:3)
  A fire giant simulacrum (Depths:2)
  4 hydra skeletons
  An ettin zombie (Crypt:2)
  2 iron dragon simulacra
  A spectral black mamba (Tar:1)
  A stone giant simulacrum (Coc:1)
  53 slime creatures
  15 flying skulls
  5 centaur simulacra
  9 water elementals
  2 air elementals
  2 shadows
  5 dire elephant simulacra
  A vampire (Abyss:4)
  13 wraiths
  4 naga simulacra
  Eustachio (D:6)
  4 fire elementals
  A hog (Elf:1)
  A human (D:13)
  48 yaks
  A satyr skeleton (Crypt:2)
  3 wyverns
  11 chaos spawn
  15 ynoxinuls
  2 fire bats (Volcano)
  2 golden eyes
  5 basilisks
  25 vampire mosquitoes
  A redback (shapeshifter) (Elf:1)
  5 steam dragons
  15 neqoxecs
  A sea snake simulacrum (Hell)
  2 wargs
  6 redbacks
  2 swamp worms (Lair:4)
  20 harpy simulacra
  28 nagas
  Menkaure (D:7)
  4 hell hounds (D:14)
  3 small abominations (Abyss:3)
  5 hydra simulacra
  An acid dragon (D:12)
  17 water moccasins
  7 ice beasts
  2 floating eyes
  33 orc warriors
  A sky beast (D:7)
  A meliai simulacrum (D:12)
  A faun skeleton (Crypt:3)
  A sky beast (shapeshifter) (Vaults:5)
  7 spriggan simulacra
  A black bear (shapeshifter) (Elf:1)
  9 ogres
  2 black bears
  A manticore zombie (Crypt:3)
  15 boggarts
  4 ettin simulacra
  18 wolves
  2 phantoms
  31 centaurs
  A swamp dragon skeleton (Crypt:1)
  2 kobold brigands (D:8)
  10 bullfrogs
  6 earth elementals
  4 necrophages
  A human simulacrum (Depths:2)
  A scorpion (D:6)
  4 howler monkeys
  7 lava snakes
  A quasit (Abyss:3)
  A spectral boggart (D:12)
  A bullfrog skeleton (Crypt:1)
  2 hounds
  25 orc priests
  A gnoll bouda (D:6)
  4 iguanas
  An iron imp (Abyss:3)
  3 jellies
  3 sleepcaps
  Ijyb (D:4)
  34 orc wizards
  6 hell rats
  A boggart skeleton (D:15)
  An acid dragon skeleton (Crypt:1)
  10 mummies
  Robin (D:4)
  11 adders
  7 gnolls
  2 shadow imps
  6 ufetubi
  A lava snake skeleton (Crypt:3)
  A worm (D:3)
  4 dart slugs
  85 orcs
  14 ball pythons
  6 endoplasms
  5 giant cockroaches
  17 goblins
  13 hobgoblins
  4 jackals (D:3)
  A quokka (D:4)
  A river rat zombie (Crypt:2)
  2 bats
  3 hobgoblin zombies (Ossuary)
  23 kobolds
  3 kobold zombies (Ossuary)
  2 orc zombies (Ossuary)
  6 rats
  A rat skeleton (Crypt:2)
  6 creeping infernos
  13 fire vortices
  3 starspawn tentacles
  3 tentacles (Hell)
3370 creatures vanquished.

Vanquished Creatures (collateral kills)
  An acid blob (Slime:5)
  A great orb of eyes (Slime:5)
  2 centaur warriors (Vaults:2)
  2 dancing weapons (Elf:2)
  2 naga warriors (Snake:1)
  A naga sharpshooter (Snake:1)
  A skeletal warrior (Crypt:2)
  A mana viper (Snake:4)
  A faun (Shoals:4)
  A naga mage (Snake:1)
  A yak (Lair:4)
  A naga (Snake:1)
  An adder (D:13)
  4 orcs (D:10)
20 creatures vanquished.

Vanquished Creatures (others)
  An ancient champion (Crypt:3)
  A tentacled starspawn (Abyss:3)
  A draconian knight (Zot:4)
  A shard shrike simulacrum (Coc:7)
  A draconian shifter (Zot:1)
  A ghost moth (Zot:4)
  A draconian annihilator (Pan)
  A green death (Pan)
  A juggernaut simulacrum (Coc:6)
  2 dancing weapons
  2 death yaks (Lair:3)
  3 deep elf knights
  A shadow wraith (Crypt:3)
  An iron troll (Depths:4)
  A spatial maelstrom (Abyss:3)
  A spriggan simulacrum (Coc:7)
  A deep elf pyromancer (Depths:3)
  A black mamba (Lair:3)
  2 titan simulacra
  A hellion (Coc:7)
  A komodo dragon (Lair:3)
  A wind drake (Lair:3)
  An air elemental (Elf:3)
  A basilisk (D:10)
  A sea snake simulacrum (Hell)
  2 yaks
  4 humans (Elf:1)
  A starcursed mass (Abyss:3)
  3 bullfrogs
  A scorpion (Lair:3)
  A gnoll bouda (D:6)
  2 orc priests (Orc:2)
  An iguana (D:6)
  An adder (D:6)
  2 orcs (D:6)
  A goblin (D:4)
  7 ball lightnings (Elf:3)
  7 creeping infernos
  2 fire vortices
  A lurking horror (Abyss:3)
  181 spectral weapons
  9 starspawn tentacles
  8 tentacles
264 creatures vanquished.

Grand Total: 3654 creatures vanquished

Notes
Turn   | Place    | Note
-------+----------+-------------------------------------------
     0 | D:1      | Xavori the Vine Stalker Chaos Knight began the quest for
                  | the Orb.
     0 | D:1      | Reached XP level 1. HP: 11/11 MP: 2/2
    76 | D:1      | Reached skill level 1 in Dodging
    82 | D:1      | Reached XP level 2. HP: 16/16 MP: 3/3
   243 | D:1      | XOM: silly message
  1253 | D:2      | Reached XP level 3. HP: 19/20 MP: 4/4
  1660 | D:1      | XOM: cloud trail
  2332 | D:1      | XOM: god gift: 26 gold pieces
  2469 | D:1      | XOM: stat loss: -1 Str (13/14)
  3604 | D:1      | XOM: summons 4 hostile shadow creatures
  3773 | D:1      | XOM is BORED!
  4162 | D:1      | XOM: give mutations
  4162 | D:1      | Gained mutation: You occasionally lose the ability to read
                  | scrolls when taking damage. [Xom's mischief]
  4162 | D:1      | Gained mutation: You are vulnerable to cold. (rC-) [Xom's
                  | mischief]
  4162 | D:1      | Gained mutation: You are resistant to electric shocks.
                  | (rElec) [Xom's mischief]
  5263 | D:1      | XOM: silly message
  5909 | D:1      | XOM: give mutations
  5909 | D:1      | Lost mutation: You occasionally lose the ability to read
                  | scrolls when taking damage. [Xom's mischief]
  5909 | D:1      | Gained mutation: You are covered in fur. (AC +1) [Xom's
                  | mischief]
  6244 | D:1      | XOM: give mutations
  6244 | D:1      | Lost mutation: You are vulnerable to cold. (rC-) [Xom's
                  | mischief]
  6244 | D:1      | Gained mutation: Your flesh is cold resistant. (rC+) [Xom's
                  | mischief]
  6244 | D:1      | Gained mutation: Your system is resistant to poisons.
                  | (rPois) [Xom's mischief]
  6244 | D:1      | Gained mutation: You have sharp toenails. [Xom's mischief]
  6244 | D:1      | Lost mutation: You have sharp toenails. [Xom's mischief]
  6704 | D:2      | XOM: give mutations
  6704 | D:2      | Gained mutation: You are weak. (Str -2) [Xom's mischief]
  6704 | D:2      | Gained mutation: You have hidden genetic potential. [Xom's
                  | mischief]
  6888 | D:2      | Found Feqyf's Antique Armour Boutique.
  6893 | D:2      | Reached XP level 4. HP: 24/24 MP: 5/5
  6904 | D:3      | Identified the +7 whip of Fouciarchiba {vamp, rElec Dex+4}
  6935 | D:3      | Found a blossoming altar of Fedhas.
  6936 | D:3      | Found a white marble altar of Elyvilon.
  6938 | D:3      | Found a broken altar of Ashenzari.
  6941 | D:3      | Found an iron altar of Okawaru.
  6941 | D:3      | Found a glowing golden altar of the Shining One.
  6947 | D:3      | Found a hazy altar of Hepliaklqana.
  7001 | D:3      | XOM: smoke on damage
  7106 | D:3      | Found a sparkling altar of Nemelex Xobeh.
  7526 | D:4      | Gained mutation: Your mind is acute. (Int +4, Str/Dex -1)
                  | [hidden potential]
  7527 | D:4      | Noticed Ijyb
  7528 | D:4      | Noticed Robin
  7543 | D:4      | XOM: smoke on damage
  7553 | D:4      | XOM: confuse monster(s)
  7571 | D:4      | XOM: potion effect (might)
  7573 | D:4      | Killed Ijyb
  7580 | D:4      | Killed Robin
  7581 | D:4      | Reached XP level 5. HP: 28/28 MP: 4/6
  7665 | D:4      | Gained mutation: You have large cloven feet. [hidden
                  | potential]
  7665 | D:4      | Lost mutation: You have hidden genetic potential. [hidden
                  | potential expressed]
  7707 | D:4      | Found a glowing silver altar of Zin.
  8062 | D:5      | Entered Level 5 of the Dungeon
  8105 | D:5      | XOM: give mutation
  8105 | D:5      | Gained mutation: You occasionally lose the ability to read
                  | scrolls when taking damage. [Xom's mischief]
  8118 | D:5      | Reached XP level 6. HP: 14/33 MP: 2/7
  8342 | D:5      | XOM: noise
  8345 | D:5      | Noticed Edmund
  8394 | D:5      | XOM: swap monsters
  8404 | D:5      | XOM: draining
  8420 | D:5      | XOM: chaos cloud
  8427 | D:5      | Edmund changed into Edmund the ogre
  8427 | D:5      | Noticed Edmund
  8427 | D:5      | XOM: polymorph Edmund -> Edmund the ogre
  8437 | D:5      | Killed Edmund the ogre
  8483 | D:5      | Found a staircase to the Ecumenical Temple.
  8493 | D:5      | XOM: stat loss: -1 Dex (13/14)
  8534 | D:5      | XOM: confusion
  8547 | D:5      | Reached XP level 7. HP: 37/37 MP: 6/8
  8600 | D:5      | XOM: stat loss: -1 Int (15/16)
  8700 | D:5      | XOM: give mutations
  8700 | D:5      | Gained mutation: You are strong-willed. (Will+) [Xom's
                  | mischief]
  8700 | D:5      | Lost mutation: Your mind is acute. (Int +4, Str/Dex -1)
                  | [Xom's mischief]
  8704 | D:5      | Found a sacrificial altar of Ru.
  8806 | D:6      | XOM: smoke on damage
  8963 | D:6      | Noticed Maggie
  8968 | D:6      | XOM: fog
  8975 | D:6      | Killed Maggie
  8976 | D:6      | Reached skill level 3 in Stealth
  8976 | D:6      | Gained mutation: You have razor-sharp teeth. [Vine Stalker
                  | growth]
  8976 | D:6      | Reached XP level 8. HP: 42/42 MP: 7/9
  9005 | D:6      | XOM: confuse monster(s)
  9017 | D:6      | Found a shimmering altar of Xom.
  9062 | D:6      | Reached skill level 5 in Short Blades
  9062 | D:6      | Reached skill level 4 in Stealth
  9070 | D:6      | Reached skill level 5 in Fighting
  9107 | D:6      | XOM: 1-stop teleportation journey
  9140 | D:6      | Noticed Eustachio
  9150 | D:6      | Killed Eustachio
  9151 | D:6      | Reached skill level 5 in Stealth
  9221 | D:6      | XOM: give mutations
  9221 | D:6      | Gained mutation: You have hoof-like feet. [Xom's grace]
  9221 | D:6      | Gained mutation: Your mind is acute. (Int +4, Str/Dex -1)
                  | [Xom's grace]
  9221 | D:6      | Gained mutation: You possess an exceptional clarity of
                  | mind. [Xom's grace]
  9221 | D:6      | Gained mutation: Your movements are slightly less
                  | encumbered by armour. (ER -2) [Xom's grace]
  9350 | D:6      | Reached XP level 9. HP: 47/47 MP: 10/10
  9403 | D:6      | Identified the +7 trident "Xibb" {elec, Int+3}
  9447 | D:6      | XOM: fog
  9454 | D:6      | Reached skill level 6 in Stealth
  9592 | D:7      | Noticed Menkaure
  9592 | D:7      | Noticed Prince Ribbit
  9594 | D:7      | XOM: divination: magic mapping
  9600 | D:7      | XOM: scenery: summon butterflies
  9602 | D:7      | Killed Prince Ribbit
  9603 | D:7      | XOM: cast spell 'Metabolic Englaciation'
  9604 | D:7      | Killed Menkaure
  9730 | D:7      | XOM: cloud trail
  9827 | D:7      | Found a sand-covered staircase.
  9829 | D:7      | XOM: confuse monster(s)
  9837 | D:7      | Reached skill level 7 in Stealth
  9844 | Ossuary  | XOM: noise
  9844 | Ossuary  | Entered an ossuary
 10616 | D:7      | Found an ornate altar of the Wu Jian Council.
 10702 | D:7      | Identified a scroll of acquirement
 10703 | D:7      | Acquired 486 gold pieces
 10805 | D:2      | Bought a shiny kite shield for 210 gold pieces
 10805 | D:2      | Bought a glowing cloak for 210 gold pieces
 10916 | D:8      | Reached skill level 5 in Armour
 11020 | D:8      | XOM: 2-stop teleportation journey
 11100 | D:8      | Reached skill level 8 in Stealth
 11114 | D:8      | Noticed a troll
 11114 | D:8      | a troll changed into a queen bee
 11114 | D:8      | Noticed a queen bee
 11114 | D:8      | XOM: polymorph troll -> queen bee
 11122 | D:8      | Killed a queen bee
 11163 | D:8      | Reached skill level 1 in Shields
 11236 | D:8      | Reached XP level 10. HP: 53/53 MP: 11/11
 11521 | D:8      | XOM: scenery: create altars
 11544 | D:8      | XOM: polymorph yak -> queen bee
 11548 | D:8      | XOM: scenery: create altars
 11556 | D:8      | XOM: enchant monster (good)
 11557 | D:8      | XOM: destruction
 11559 | D:8      | Reached skill level 5 in Dodging
 11694 | D:9      | Reached skill level 9 in Stealth
 11710 | D:9      | Noticed Maurice
 11714 | D:9      | Killed Maurice
 11797 | D:9      | XOM: summons friendly red devil
 11805 | D:9      | XOM: scenery: create altars
 11808 | D:9      | XOM: give mutations
 11808 | D:9      | Gained mutation: You passively map a small area around you.
                  | [Xom's grace]
 11808 | D:9      | Gained mutation: You have hooves in place of feet. [Xom's
                  | grace]
 11808 | D:9      | Gained mutation: You passively map the area around you.
                  | [Xom's grace]
 11999 | D:9      | XOM: 6-stop teleportation journey
 12349 | D:10     | Identified the of Uvagg
 12349 | D:10     | Entered Level 10 of the Dungeon
 12382 | D:10     | XOM: enchant monster (bad)
 12415 | D:10     | Found a shadowy altar of Dithmenos.
 12483 | D:10     | Found a flagged portal.
 12494 | Bailey   | Entered a bailey
 12596 | Bailey   | Identified the +9 ring mail of Tulips {Stlth+}
 12624 | Bailey   | Identified the +8 dagger of Day {speed, rF+}
 12641 | Bailey   | Reached skill level 10 in Stealth
 12643 | Bailey   | XOM: silly message
 12888 | D:10     | Noticed a two-headed ogre
 12918 | D:10     | Killed a two-headed ogre
 12919 | D:10     | Reached skill level 1 in Evocations
 12919 | D:10     | Reached XP level 11. HP: 58/58 MP: 12/12
 12919 | D:10     | XOM: cast spell 'Call Canine Familiar'
 13039 | D:10     | XOM: silly message
 13041 | D:10     | XOM: confuse monster(s)
 13043 | D:10     | XOM: enchant monster (good)
 13111 | D:10     | Found a staircase to the Orcish Mines.
 13145 | D:10     | Noticed a manticore
 13145 | D:10     | Noticed a centaur warrior
 13146 | D:10     | Noticed an ogre mage
 13148 | D:10     | Noticed an orc knight
 13157 | D:10     | Noticed a brown ugly thing
 13157 | D:10     | Noticed an ogre mage
 13157 | D:10     | Noticed a centaur warrior
 13157 | D:10     | Noticed a boulder beetle
 13175 | D:10     | Noticed a deep elf pyromancer
 13520 | D:11     | Found a gate leading to a gauntlet.
 13548 | D:11     | Noticed Erolcha
 13580 | D:11     | XOM: swap monsters
 13582 | D:11     | XOM: swap monsters
 13591 | D:11     | XOM: silly message
 13592 | D:11     | XOM: silly message
 13597 | D:11     | Killed Erolcha
 13598 | D:11     | Reached skill level 11 in Stealth
 13669 | D:11     | Found a staircase to the Lair.
 13686 | D:11     | XOM: noise
 13693 | D:11     | XOM: blink monster(s)
 13782 | D:11     | XOM: silly message
 13807 | Gauntlet | Entered a Gauntlet
 13807 | Gauntlet | Found a transporter.
 13807 | Gauntlet | Found a transporter.
 13812 | Gauntlet | Noticed a worldbinder
 13813 | Gauntlet | Found a transporter.
 13825 | Gauntlet | Found a transporter.
 13843 | Gauntlet | Found a transporter.
 13843 | Gauntlet | Found a transporter.
 13843 | Gauntlet | Found a transporter.
 13845 | Gauntlet | Found a transporter.
 13845 | Gauntlet | Found a transporter.
 13847 | Gauntlet | Noticed a death scarab
 13857 | Gauntlet | Found a transporter.
 13857 | Gauntlet | Noticed an orange crystal statue
 13870 | Gauntlet | Noticed a death scarab
 13873 | Gauntlet | Found a transporter.
 13880 | Gauntlet | Noticed a necromancer
 13880 | Gauntlet | Noticed a death yak
 13882 | Gauntlet | Noticed a death yak
 13883 | Gauntlet | Found a transporter.
 13883 | Gauntlet | Noticed a death yak
 13883 | Gauntlet | Noticed a death yak
 13897 | Gauntlet | Found a transporter.
 13917 | Gauntlet | Found a transporter.
 13917 | Gauntlet | Noticed a worldbinder
 13973 | Gauntlet | XOM: divination: magic mapping
 13975 | Gauntlet | Noticed a deep elf knight
 13976 | Gauntlet | Noticed a deep elf pyromancer
 13980 | Gauntlet | Noticed a deep elf zephyrmancer
 13990 | Gauntlet | Noticed a deep elf zephyrmancer
 13990 | Gauntlet | Noticed a deep elf pyromancer
 13990 | Gauntlet | Noticed a deep elf knight
 13995 | Gauntlet | Killed a worldbinder
 13997 | Gauntlet | XOM: confuse monster(s)
 14003 | Gauntlet | Identified the +1 cloak of the Harp {Contam Harm rF+ rCorr}
 14043 | Gauntlet | XOM: butterfly on damage
 14045 | Gauntlet | XOM: potion effect (brilliance)
 14136 | Gauntlet | XOM: enchant monster (good)
 14137 | Gauntlet | Killed a death yak
 14142 | Gauntlet | XOM: divination: magic mapping
 14145 | Gauntlet | XOM: confuse monster(s)
 14146 | Gauntlet | Killed a death yak
 14151 | Gauntlet | Killed a necromancer
 14160 | Gauntlet | XOM: potion effect (invisibility)
 14163 | Gauntlet | Killed a death yak
 14164 | Gauntlet | Reached skill level 12 in Stealth
 14164 | Gauntlet | Reached XP level 12. HP: 64/64 MP: 13/13
 14166 | Gauntlet | Killed a death yak
 14175 | Gauntlet | Identified the +1 pair of boots "Keucaed" {rC+ MP+9 Dex+3}
 14195 | Gauntlet | Noticed a minotaur
 14205 | Gauntlet | Killed a minotaur
 14210 | Gauntlet | Identified the +2 robe of the Storm King {Str+3}
 14381 | D:11     | XOM: silly message
 14660 | D:13     | Identified the "Liteuhof"
 14660 | Lair:1   | Entered Level 1 of the Lair of Beasts
 14664 | Lair:1   | XOM: confuse monster(s)
 14671 | Lair:1   | XOM: confuse monster(s)
 14689 | Lair:1   | Learned a level 2 spell: Blink
 14739 | Lair:1   | XOM: enchant monster (good)
 14760 | Lair:1   | XOM: cast spell 'Dispersal'
 14763 | Lair:1   | XOM: potion effect (magic)
 14767 | Lair:1   | XOM: divination: detect creatures
 14783 | Lair:1   | XOM: potion effect (attraction)
 14794 | Lair:1   | XOM: enchant monster (good)
 14798 | Lair:1   | Reached skill level 1 in Spellcasting
 14798 | Lair:1   | Reached skill level 1 in Translocations
 14855 | Lair:1   | XOM: cast spell 'Alistair's Intoxication'
 14879 | Lair:1   | Reached skill level 5 in Shields
 14943 | Lair:1   | XOM: cloud trail
 14992 | Lair:1   | XOM: divination: detect items
 15103 | Lair:1   | XOM: noise
 15107 | Lair:1   | XOM: polymorph elephant -> glowing shapeshifter
 15409 | Lair:1   | XOM: cloud trail
 15499 | Lair:2   | XOM: noise
 15506 | Lair:2   | XOM: cast spell 'Olgreb's Toxic Radiance'
 15515 | Lair:2   | XOM: potion effect (invisibility)
 15517 | Lair:2   | Reached skill level 13 in Stealth
 15607 | Lair:2   | Noticed a four-headed hydra
 15619 | Lair:2   | Killed a four-headed hydra
 15661 | Lair:2   | Reached XP level 13. HP: 69/69 MP: 17/17
 15731 | Lair:2   | XOM: confuse monster(s)
 15738 | Lair:2   | XOM: potion effect (brilliance)
 15853 | Lair:2   | XOM: silly message
 16040 | Lair:3   | XOM: god gift: scroll of acquirement
 16041 | Lair:3   | Acquired a +0 quick blade of distortion
 16118 | Lair:3   | Found a staircase to the Snake Pit.
 16128 | Lair:3   | XOM: fog
 16132 | Lair:3   | XOM: polymorph cane toad -> guardian serpent
 16177 | Lair:3   | XOM: destruction
 16179 | Lair:3   | XOM: confuse monster(s)
 16190 | Lair:3   | XOM: polymorph bullfrog -> scorpion
 16192 | Lair:3   | XOM: divine lightning
 16194 | Lair:3   | XOM: divination: detect items
 16201 | Lair:3   | XOM: fog
 16213 | Lair:3   | XOM: scenery: summon butterflies
 16222 | Lair:3   | XOM: fog
 16235 | Lair:3   | XOM: divine lightning
 16252 | Lair:3   | XOM: noise
 16259 | Lair:3   | XOM: noise
 16277 | Lair:3   | XOM: noise
 16280 | Lair:3   | Reached skill level 5 in Evocations
 16408 | Lair:3   | Found a staircase to the Shoals.
 16412 | Lair:3   | Found a runed translucent gate.
 16412 | Lair:3   | Found a runed translucent gate.
 16413 | Lair:3   | Found a runed translucent gate.
 16418 | Lair:3   | Noticed Tacw's ghost (journeyman MeSh)
 16421 | Lair:3   | Noticed Zekheivah's ghost (journeyman MeSh)
 16428 | Lair:3   | Noticed Sitazake's ghost (journeyman TrWr)
 16585 | Lair:3   | XOM: noise
 16792 | Lair:3   | XOM: summons 4 hostile shadow creatures
 17092 | Lair:3   | XOM: summons 7 hostile demons
 17124 | Lair:4   | XOM: confuse monster(s)
 17138 | Lair:4   | XOM: confuse monster(s)
 17157 | Lair:4   | XOM: give mutations
 17157 | Lair:4   | Gained mutation: Your mind is very acute. (Int +8, Str/Dex
                  | -2) [Xom's grace]
 17157 | Lair:4   | Gained mutation: You have a pair of small antennae on your
                  | head. [Xom's grace]
 17157 | Lair:4   | Gained mutation: You expend magic power (3 MP) to
                  | strengthen your wands. [Xom's grace]
 17190 | Lair:4   | Identified the +1 great mace "Gaepryr" {venom, Contam rF+
                  | rC+ rCorr}
 17237 | Lair:4   | XOM: destruction
 17286 | Lair:4   | XOM: polymorph wolf -> wolf
 17355 | Lair:4   | XOM: scenery: summon butterflies
 17364 | Lair:4   | XOM: fog
 17446 | Lair:4   | XOM: 1-stop teleportation journey
 17518 | Lair:4   | XOM: summons friendly shadow imp
 17521 | Lair:4   | XOM: swap monsters
 17533 | Lair:4   | XOM: confuse monster(s)
 17553 | Lair:4   | XOM: cloud trail
 17667 | Lair:5   | Entered Level 5 of the Lair of Beasts
 17671 | Lair:5   | Reached XP level 14. HP: 75/75 MP: 21/21
 17715 | Lair:5   | Found a viscous altar of Jiyva.
 17716 | Lair:5   | Found a staircase to the Slime Pits.
 17773 | Lair:5   | XOM: scenery: summon butterflies
 17780 | Lair:5   | XOM: 1-stop teleportation journey
 17886 | Lair:5   | XOM: enchant monster (good)
 17896 | Lair:5   | XOM: enchant monster (good)
 17926 | Lair:5   | XOM: scenery: create altars
 17979 | Lair:5   | XOM: 1-stop teleportation journey
 18025 | Lair:5   | XOM: 1-stop teleportation journey
 18031 | Lair:5   | Reached skill level 14 in Stealth
 18061 | Lair:5   | XOM: potion effect (haste)
 18243 | Lair:5   | XOM: silly message
 18277 | Lair:5   | XOM: cloud trail
 18543 | Lair:5   | Reached skill level 5 in Translocations
 18545 | Lair:5   | Reached skill level 5 in Spellcasting
 18550 | Lair:5   | XOM: enchant monster (good)
 18583 | Lair:5   | Noticed a dire elephant
 18597 | Lair:5   | XOM: fake destruction
 18615 | Lair:5   | Killed a dire elephant
 18651 | Lair:5   | XOM: scenery: create altars
 18749 | Lair:5   | XOM: confuse monster(s)
 18944 | D:10     | XOM: god gift: 12 gold pieces
 18958 | D:10     | Paralysed by an ogre mage for 2 turns
 18973 | D:10     | XOM: summons 2 friendly demons
 18976 | D:10     | XOM: chaos upgrade
 19022 | D:10     | XOM: chaos cloud
 19048 | D:10     | XOM: divine lightning
 19076 | D:10     | XOM: divination: magic mapping
 19085 | D:10     | XOM: summons 2 friendly demons
 19223 | Orc:1    | Entered Level 1 of the Orcish Mines
 19281 | Orc:1    | Found a dark tunnel.
 19281 | Orc:1    | XOM: 4-stop teleportation journey
 19302 | Orc:1    | XOM: enchant monster (good)
 19314 | Orc:1    | XOM: divination: magic mapping
 19399 | Volcano  | Entered a volcano
 19429 | Volcano  | XOM: cast spell 'Summon Cactus Giant'
 19516 | Volcano  | XOM: god gift: 53 gold pieces
 19523 | Volcano  | Found a burning altar of Makhleb.
 19531 | Volcano  | XOM: divination: magic mapping
 19562 | Volcano  | Noticed a red draconian
 19585 | Volcano  | XOM: enchant monster (good)
 19587 | Volcano  | XOM: cast spell 'Monstrous Menagerie'
 19589 | Volcano  | Killed a red draconian
 19852 | Orc:1    | XOM: silly message
 19955 | Orc:2    | Entered Level 2 of the Orcish Mines
 19990 | Orc:2    | Reached XP level 15. HP: 80/80 MP: 24/24
 20091 | Orc:2    | XOM: potion effect (invisibility)
 20126 | Orc:2    | XOM: silly message
 20133 | Orc:2    | XOM: potion effect (attraction)
 20154 | Orc:2    | Found Huaran's Book Shoppe.
 20154 | Orc:2    | Found Ceamiej's Armour Shoppe.
 20154 | Orc:2    | Found Ozeul's Assorted Antiques.
 20174 | Orc:2    | Reached skill level 10 in Short Blades
 20188 | Orc:2    | Found Suizxox's General Store.
 20188 | Orc:2    | XOM: silly message
 20205 | Orc:2    | Bought a scroll labelled DOFOFA RANAY for 32 gold pieces
 20205 | Orc:2    | Bought a scroll of enchant weapon for 240 gold pieces
 20207 | Orc:2    | Bought 2 scrolls of identify for 48 gold pieces
 20314 | Orc:2    | Found a staircase to the Elven Halls.
 20393 | Orc:2    | XOM: potion effect (haste)
 20764 | Orc:2    | XOM: summons 3 hostile shadow creatures
 20851 | Orc:2    | Bought a book of the Warp for 546 gold pieces
 20856 | Orc:2    | Learned a level 4 spell: Manifold Assault
 20863 | Orc:2    | Learned a level 6 spell: Dispersal
 20872 | Orc:2    | Learned a level 8 spell: Disjunction
 20964 | D:12     | XOM: give mutations
 20964 | D:12     | Lost mutation: You have a pair of small antennae on your
                  | head. [Xom's mischief]
 20964 | D:12     | Lost mutation: You are weak. (Str -2) [Xom's mischief]
 20968 | D:12     | Reached skill level 10 in Fighting
 20993 | D:12     | Found a runed translucent gate.
 20994 | D:12     | Found a runed translucent gate.
 21358 | D:12     | Found a runed translucent gate.
 21463 | D:12     | Noticed Xidur's ghost (journeyman DEHW)
 21475 | D:12     | Reached skill level 15 in Stealth
 21494 | D:12     | Killed Xidur's ghost
 21598 | D:13     | XOM: give mutations
 21598 | D:13     | Gained mutation: You are partially covered in iridescent
                  | scales. (AC +2) [Xom's grace]
 21598 | D:13     | Gained mutation: You have hidden genetic potential. [Xom's
                  | grace]
 21598 | D:13     | Gained mutation: You are robust. (+10% HP) [Xom's grace]
 21732 | D:13     | XOM: god gift: 4 atropa-tipped darts
 21749 | D:13     | XOM: scenery: summon butterflies
 21755 | D:13     | XOM: enchant monster (good)
 22156 | D:13     | XOM: give mutations
 22156 | D:13     | Gained mutation: You are very robust. (+20% HP) [Xom's
                  | grace]
 22156 | D:13     | Gained mutation: You have great hidden genetic potential.
                  | [Xom's grace]
 22156 | D:13     | Gained mutation: You are extremely robust. (+30% HP) [Xom's
                  | grace]
 22156 | D:13     | Gained mutation: You are highly strong-willed. (Will++)
                  | [Xom's grace]
 22170 | D:13     | Found Jonop's Book Shop.
 22378 | D:13     | XOM: 5-stop teleportation journey
 22383 | D:13     | XOM: scenery: create altars
 22420 | D:13     | Found a gate to the Vaults.
 22425 | D:13     | XOM: summons friendly orange demon
 22449 | D:13     | XOM: divine lightning
 22664 | D:13     | Bought a manual of Dodging for 960 gold pieces
 22857 | D:12     | XOM: god gift: 44 gold pieces
 22951 | D:14     | XOM: smoke on damage
 22978 | D:14     | XOM: cast spell 'Olgreb's Toxic Radiance'
 23041 | D:14     | XOM: 1-stop teleportation journey
 23056 | D:14     | XOM: 1-stop teleportation journey
 23314 | D:14     | Noticed Azrael
 23317 | D:14     | Noticed Jorgrun
 23327 | D:14     | XOM: enchant monster (good)
 23330 | D:14     | Killed Jorgrun
 23345 | D:14     | Killed Azrael
 23345 | D:14     | XOM: confuse monster(s)
 23351 | D:14     | Reached XP level 16. HP: 52/111 MP: 17/27
 23399 | D:14     | XOM: cloud trail
 23763 | D:12     | Identified the of Uwuulagi (Xom gifted it to you on level
                  | 12 of the Dungeon)
 23763 | D:12     | XOM: god gift: Icek's Vellum of Grounded Attacks
 23861 | Snake:1  | Entered Level 1 of the Snake Pit
 23882 | Snake:1  | XOM: cleaving
 23906 | Snake:1  | XOM: cloud trail
 23911 | Snake:1  | XOM: scenery: create altars
 23926 | Snake:1  | XOM: summons 4 friendly demons
 23967 | Snake:1  | XOM: fog
 23973 | Lair:3   | XOM: polymorph naga ritualist -> wind drake
 24031 | Snake:1  | Reached skill level 16 in Stealth
 24037 | Snake:1  | Reached skill level 10 in Dodging
 24039 | Snake:1  | Gained mutation: Your movements are less encumbered by
                  | armour. (ER -4) [hidden potential]
 24043 | Snake:1  | XOM: torment (63/111 hp)
 24106 | Snake:1  | Identified the +11 falchion of the Changing Ancients
                  | {venom, +Blink rCorr Dex+3}
 24228 | Snake:1  | Found Ykherin's Book Emporium.
 24230 | Snake:1  | Found Marub's Book Emporium.
 24230 | Snake:1  | Found Gaxodghe's Book Shoppe.
 24235 | Snake:1  | Found Muipozir's Antique Armour Shoppe.
 24404 | Snake:1  | Identified the staff of the Bruised Songs {rPois rC+ Will+
                  | Str+2 Ice}
 24648 | Snake:2  | Found an ornate altar of the Wu Jian Council.
 24689 | Snake:2  | Found Poamyske's Jewellery Emporium.
 24695 | Snake:2  | Found Kyixkaf's Book Boutique.
 24696 | Snake:2  | Found Jiulosk's Jewellery Emporium.
 24696 | Snake:2  | Noticed a nagaraja
 24698 | Snake:2  | Found Nottol's Distillery.
 24698 | Snake:2  | XOM: 1-stop teleportation journey
 24703 | Snake:2  | Bought a potion of resistance for 180 gold pieces
 24869 | Snake:2  | Killed a nagaraja
 24877 | Snake:2  | Bought the amulet of Sihur {rN+ Regen+} for 576 gold pieces
 24892 | Snake:2  | Bought the ring of Igauk {rElec rC+ Slay+2} for 900 gold
                  | pieces
 25098 | Snake:2  | XOM: god gift: 14 gold pieces
 25171 | Snake:2  | XOM: god gift: book of Misfortune
 25369 | Snake:3  | XOM: summons 2 friendly demons
 25398 | Snake:3  | XOM: potion effect (invisibility)
 25448 | Snake:3  | XOM: silly message
 25531 | Snake:3  | XOM: divination: magic mapping
 26025 | Snake:4  | Entered Level 4 of the Snake Pit
 26045 | Snake:4  | Reached XP level 17. HP: 118/118 MP: 30/30
 26200 | Snake:4  | XOM: silly message
 26208 | Snake:4  | Found a transporter.
 26213 | Snake:4  | Found a transporter.
 26411 | Snake:4  | Identified the +0 pair of boots of Bayly {Rampage rPois rC+
                  | Slay-2}
 26425 | Snake:4  | Found a transporter.
 26426 | Snake:4  | Found a transporter.
 26492 | Snake:4  | XOM: cast spell 'Summon Hydra'
 26559 | Snake:4  | Noticed a quicksilver dragon
 26564 | Snake:4  | Killed a quicksilver dragon
 26568 | Snake:4  | Got a serpentine rune of Zot
 26680 | Snake:4  | Reached skill level 17 in Stealth
 26744 | Snake:4  | Found a transporter.
 26745 | Snake:4  | Found a transporter.
 26751 | Snake:4  | Found Laciki's Antique Armour Shop.
 27143 | Snake:4  | XOM: noise
 27168 | Snake:4  | XOM: god gift: book of Armaments
 27491 | Shoals:4 | Identified the "Adiov"
 27491 | Vaults:1 | Entered Level 1 of the Vaults
 27608 | Vaults:1 | XOM: 1-stop teleportation journey
 27619 | Vaults:1 | XOM: enchant monster (good)
 27622 | Vaults:1 | XOM: summons friendly quasit
 27628 | Vaults:1 | XOM: polymorph quasit -> cerulean imp
 27640 | Vaults:1 | Gained mutation: Your flesh is very cold resistant. (rC++)
                  | [hidden potential]
 27640 | Vaults:1 | Lost mutation: You have great hidden genetic potential.
                  | [hidden potential expressed]
 27798 | Vaults:1 | Noticed a sphinx
 27805 | Vaults:1 | Killed a sphinx
 27840 | Vaults:1 | XOM: give mutations
 27840 | Vaults:1 | Gained mutation: You have a pair of small horns on your
                  | head. [Xom's grace]
 27840 | Vaults:1 | Gained mutation: You passively dampen the noise of your
                  | surroundings. [Xom's grace]
 27840 | Vaults:1 | Gained mutation: You have a pair of horns on your head.
                  | [Xom's grace]
 27853 | Vaults:1 | Reached skill level 10 in Shields
 27882 | Vaults:1 | XOM: give mutations
 27882 | Vaults:1 | Lost mutation: You have a pair of horns on your head.
                  | [Xom's mischief]
 27882 | Vaults:1 | Lost mutation: You have hidden genetic potential. [Xom's
                  | mischief]
 27882 | Vaults:1 | Lost mutation: You expend magic power (3 MP) to strengthen
                  | your wands. [Xom's mischief]
 27919 | Vaults:1 | XOM: confuse monster(s)
 28004 | Vaults:1 | XOM: god gift: falchion {god gift}
 28115 | Vaults:1 | XOM: 2-stop teleportation journey
 28478 | Vaults:1 | XOM: enchant monster (good)
 28583 | Vaults:1 | Reached XP level 18. HP: 127/127 MP: 31/31
 28915 | Vaults:2 | XOM is BORED!
 28994 | Vaults:2 | Reached skill level 18 in Stealth
 28995 | Vaults:2 | XOM: torment (82/127 hp)
 29120 | Vaults:2 | XOM: cast spell 'Disjunction'
 29274 | Vaults:2 | XOM: scenery: 1 doors close
 29280 | Vaults:2 | Reached skill level 15 in Short Blades
 29281 | Vaults:2 | XOM: potion effect (might)
 29390 | Vaults:2 | Noticed Saint Roka
 29390 | Vaults:2 | XOM: cleaving
 29404 | Vaults:2 | XOM: summons friendly quasit
 29405 | Vaults:2 | XOM: cleaving
 29408 | Vaults:2 | Killed Saint Roka
 29473 | Vaults:2 | Found a staircase to the Crypt.
 29514 | Vaults:2 | XOM: scenery: 2 doors close
 29520 | Vaults:2 | XOM: give mutations
 29520 | Vaults:2 | Gained mutation: Your flesh is heat resistant. (rF+) [Xom's
                  | grace]
 29520 | Vaults:2 | Gained mutation: You have an increased reservoir of magic.
                  | (+10% MP) [Xom's grace]
 29520 | Vaults:2 | Gained mutation: Your muscles are strong. (Str +4, Int/Dex
                  | -1) [Xom's grace]
 29520 | Vaults:2 | Gained mutation: Your spells are a little harder to cast,
                  | but a little more powerful. [Xom's grace]
 29573 | Vaults:2 | Reached skill level 1 in Shapeshifting
 29575 | Vaults:2 | XOM is BORED!
 29575 | Vaults:2 | XOM: enchant monster (bad)
 29717 | Vaults:2 | Found Upsemn's Assorted Antiques.
 29730 | Vaults:2 | Bought a scroll of teleportation for 99 gold pieces
 29730 | Vaults:2 | Bought a scroll of enchant weapon for 247 gold pieces
 29962 | Vaults:2 | XOM: destruction
 30043 | Vaults:2 | Reached XP level 19. HP: 120/135 MP: 32/35
 30339 | Vaults:2 | XOM: give mutations
 30339 | Vaults:2 | Gained mutation: You are covered in thick fur. (AC +2)
                  | [Xom's grace]
 30339 | Vaults:2 | Gained mutation: You are mostly covered in iridescent
                  | scales. (AC +4) [Xom's grace]
 30339 | Vaults:2 | Gained mutation: You passively map a large area around you.
                  | [Xom's grace]
 30339 | Vaults:2 | Gained mutation: Your flesh is almost immune to the effects
                  | of cold. (rC+++) [Xom's grace]
 30405 | Vaults:4 | Identified the of Laufed
 30405 | Crypt:1  | Entered Level 1 of the Crypt
 30486 | Crypt:1  | Found an ancient bone altar of Kikubaaqudgha.
 30607 | Crypt:1  | Reached skill level 19 in Stealth
 30680 | Crypt:1  | XOM: confuse monster(s)
 30683 | Crypt:1  | XOM: 2-stop teleportation journey
 30797 | Crypt:1  | Reached skill level 5 in Shapeshifting
 30888 | Crypt:1  | Identified the +0 hat of Integrity {Regen+ Str+4 Int-2}
                  | (Xom gifted it to you on level 1 of the Crypt)
 30888 | Crypt:1  | XOM: god gift: +0 hat of Integrity {Regen+ Str+4 Int-2}
 30947 | Crypt:1  | XOM: divination: detect creatures
 31014 | Crypt:1  | XOM: god gift: +0 quick blade of venom
 31145 | Crypt:1  | XOM: fog
 31157 | Crypt:1  | XOM: give mutations
 31157 | Crypt:1  | Gained mutation: You are completely covered in iridescent
                  | scales. (AC +6) [Xom's grace]
 31157 | Crypt:1  | Lost mutation: You have hooves in place of feet. [Xom's
                  | grace]
 31157 | Crypt:1  | Lost mutation: You have hoof-like feet. [Xom's grace]
 31157 | Crypt:1  | Lost mutation: You have large cloven feet. [Xom's grace]
 31157 | Crypt:1  | Gained mutation: You have sharp toenails. [Xom's grace]
 31157 | Crypt:1  | Gained mutation: You have a considerably increased
                  | reservoir of magic. (+20% MP) [Xom's grace]
 31157 | Crypt:1  | Gained mutation: You expend magic power (3 MP) to
                  | strengthen your wands. [Xom's grace]
 31204 | Crypt:2  | XOM: destruction
 31266 | Crypt:2  | XOM: summons 13 friendly demons
 31318 | Crypt:2  | XOM: enchant monster (good)
 31376 | Crypt:2  | XOM: repel stairs
 31439 | Crypt:2  | XOM is BORED!
 31439 | Crypt:2  | XOM: give mutations
 31439 | Crypt:2  | Lost mutation: Your movements are less encumbered by
                  | armour. (ER -4) [Xom's mischief]
 31439 | Crypt:2  | Lost mutation: You possess an exceptional clarity of mind.
                  | [Xom's mischief]
 31674 | Crypt:2  | XOM: give mutations
 31674 | Crypt:2  | Lost mutation: Your muscles are strong. (Str +4, Int/Dex
                  | -1) [Xom's mischief]
 31674 | Crypt:2  | Lost mutation: You are highly strong-willed. (Will++)
                  | [Xom's mischief]
 31674 | Crypt:2  | Lost mutation: Your system is resistant to poisons. (rPois)
                  | [Xom's mischief]
 31674 | Crypt:2  | Lost mutation: You expend magic power (3 MP) to strengthen
                  | your wands. [Xom's mischief]
 31709 | Crypt:2  | XOM: enchant monster (bad)
 31838 | Crypt:2  | Found a shimmering blue altar of Sif Muna.
 31879 | Crypt:2  | XOM: silly message
 31883 | Crypt:2  | Reached skill level 20 in Stealth
 31922 | Crypt:2  | XOM: butterfly on damage
 31929 | Crypt:2  | Identified the amulet "Jautwan" {RegenMP rC+ rCorr Str+2}
 32022 | Crypt:3  | Entered Level 3 of the Crypt
 32046 | Crypt:3  | XOM: silly message
 32093 | Crypt:3  | Reached XP level 20. HP: 126/143 MP: 39/39
 32127 | Crypt:3  | Noticed a bone dragon
 32128 | Crypt:3  | Noticed a curse toe
 32142 | Crypt:3  | Killed a curse toe
 32152 | Crypt:3  | Killed a bone dragon
 32159 | Crypt:3  | XOM: enchant monster (good)
 32231 | Crypt:3  | XOM: divine lightning
 32234 | Crypt:3  | XOM: confuse monster(s)
 32265 | Crypt:3  | XOM: potion effect (attraction)
 32269 | Crypt:3  | Identified the +1 ring mail of Perfidy {Int+4}
 32269 | Crypt:3  | Noticed an ancient lich
 32278 | Crypt:3  | XOM: summons friendly iron imp
 32292 | Crypt:3  | Killed an ancient lich
 32299 | Crypt:3  | Reached skill level 10 in Shapeshifting
 32316 | Crypt:3  | Identified the +9 long sword "Bonuf" {venom, Contam rElec
                  | rPois rC+++ Int-2}
 32513 | Crypt:3  | XOM: cleaving
 32698 | Crypt:3  | XOM: divination: magic mapping
 32727 | Crypt:3  | Found a staircase to the Tomb.
 33113 | Vaults:3 | XOM: divination: detect creatures
 33123 | Vaults:3 | XOM: blink monster(s)
 33208 | Vaults:3 | XOM: summons 3 hostile demons
 33358 | Vaults:3 | Reached skill level 21 in Stealth
 33393 | Vaults:3 | XOM: noise
 33401 | Vaults:3 | XOM: confuse monster(s)
 33443 | Vaults:3 | XOM: give mutations
 33443 | Vaults:3 | Lost mutation: You are completely covered in iridescent
                  | scales. (AC +6) [Xom's mischief]
 33443 | Vaults:3 | Lost mutation: You passively map a large area around you.
                  | [Xom's mischief]
 33443 | Vaults:3 | Lost mutation: You have a considerably increased reservoir
                  | of magic. (+20% MP) [Xom's mischief]
 33443 | Vaults:3 | Lost mutation: Your flesh is heat resistant. (rF+) [Xom's
                  | mischief]
 33460 | Vaults:3 | XOM: noise
 33745 | Vaults:3 | XOM: give mutations
 33745 | Vaults:3 | Lost mutation: Your spells are a little harder to cast, but
                  | a little more powerful. [Xom's mischief]
 33745 | Vaults:3 | Lost mutation: Your mind is very acute. (Int +8, Str/Dex
                  | -2) [Xom's mischief]
 33745 | Vaults:3 | Lost mutation: You passively map the area around you.
                  | [Xom's mischief]
 33885 | Vaults:3 | XOM: potion effect (invisibility)
 34090 | Vaults:4 | XOM: silly message
 34178 | Vaults:4 | Found Venucit's Jewellery Boutique.
 34185 | Vaults:4 | Bought the ring of Kiamn {Fly rC- rN+ MP+9 Dex+6} for 1407
                  | gold pieces
 34241 | Vaults:4 | XOM: potion effect (might)
 34322 | Vaults:4 | Noticed Jory
 34342 | Vaults:4 | Killed Jory
 34343 | Vaults:4 | Reached XP level 21. HP: 106/148 MP: 37/37
 34520 | Vaults:4 | XOM: potion effect (berserk rage)
 34536 | Vaults:4 | XOM: potion effect (might)
 34545 | Vaults:4 | XOM: potion effect (brilliance)
 34549 | Vaults:4 | XOM: potion effect (invisibility)
 34564 | Vaults:4 | Noticed Boris
 34575 | Vaults:4 | Killed Boris
 34576 | Vaults:4 | Reached skill level 22 in Stealth
 34591 | Vaults:4 | XOM: silly message
 34706 | Vaults:4 | XOM: silly message
 34739 | Vaults:4 | XOM: give mutations
 34739 | Vaults:4 | Lost mutation: You occasionally lose the ability to read
                  | scrolls when taking damage. [Xom's mischief]
 34739 | Vaults:4 | Lost mutation: Your mind is acute. (Int +4, Str/Dex -1)
                  | [Xom's mischief]
 34827 | Vaults:4 | XOM: give mutations
 34827 | Vaults:4 | Lost mutation: You have an increased reservoir of magic.
                  | (+10% MP) [Xom's mischief]
 34827 | Vaults:4 | Lost mutation: You passively dampen the noise of your
                  | surroundings. [Xom's mischief]
 35068 | Vaults:4 | XOM: blink monster(s)
 35104 | Vaults:4 | XOM: give mutation
 35104 | Vaults:4 | Lost mutation: You have a pair of small horns on your head.
                  | [Xom's mischief]
 35118 | Vaults:5 | Entered Level 5 of the Vaults
 35118 | Vaults:5 | Noticed a golden dragon
 35121 | Vaults:4 | XOM: swap monsters
 35130 | Vaults:4 | XOM: confusion (+ monsters)
 35163 | Vaults:4 | XOM: polymorph vault guard -> azure jelly
 35165 | Vaults:4 | XOM: chaos upgrade
 35187 | Vaults:4 | XOM: god gift: wand of polymorph (3)
 35198 | Vaults:4 | XOM: give mutations
 35198 | Vaults:4 | Lost mutation: You are extremely robust. (+30% HP) [Xom's
                  | mischief]
 35198 | Vaults:4 | Lost mutation: You passively map a small area around you.
                  | [Xom's mischief]
 35198 | Vaults:4 | Lost mutation: You are very robust. (+20% HP) [Xom's
                  | mischief]
 35198 | Vaults:4 | Lost mutation: You are robust. (+10% HP) [Xom's mischief]
 35223 | Vaults:4 | XOM: cleaving
 35462 | Vaults:5 | XOM: confusion
 35538 | Vaults:4 | XOM: swap monsters
 35539 | Vaults:4 | a golden dragon changed into a caustic shrike
 35539 | Vaults:4 | Noticed a caustic shrike
 35539 | Vaults:4 | XOM: polymorph golden dragon -> caustic shrike
 35541 | Vaults:4 | Killed a caustic shrike
 35550 | Vaults:5 | Noticed a golden dragon
 35569 | Vaults:5 | a titan changed into a shard shrike
 35569 | Vaults:5 | Noticed a shard shrike
 35569 | Vaults:5 | XOM: polymorph titan -> shard shrike
 35583 | Vaults:4 | Killed a golden dragon
 35594 | Vaults:4 | Killed a shard shrike
 35610 | Vaults:5 | Noticed a dread lich
 35610 | Vaults:5 | XOM: chaos cloud
 35631 | Vaults:5 | Killed a dread lich
 35636 | Vaults:5 | XOM: confuse monster(s)
 35643 | Vaults:5 | Noticed an ancient lich
 35655 | Vaults:5 | XOM: chaos cloud
 35658 | Vaults:5 | XOM: summons friendly iron imp
 35699 | Vaults:5 | Killed an ancient lich
 35707 | Vaults:5 | Reached skill level 23 in Stealth
 35719 | Vaults:5 | Reached skill level 15 in Shapeshifting
 35774 | Vaults:5 | XOM: 1-stop teleportation journey
 35830 | Vaults:5 | XOM: swap monsters
 35834 | Vaults:5 | XOM: divination: magic mapping
 35850 | Vaults:5 | XOM: potion effect (attraction)
 35856 | Vaults:5 | Identified the ring "Maghoemu" {Slay+4 Stlth+}
 35898 | Vaults:5 | XOM: torment (76/114 hp)
 35899 | Vaults:5 | Reached XP level 22. HP: 79/119 MP: 35/35
 35958 | Vaults:5 | Identified the ring "Teniadd" {rF+ Str+6 Slay+2 Stlth+}
 36007 | Vaults:5 | XOM: confusion
 36204 | Vaults:5 | Noticed a dread lich
 36211 | Vaults:5 | Killed a dread lich
 36378 | Vaults:5 | Got a silver rune of Zot
 36400 | Vaults:5 | Identified the staff of Floods {rElec Str+2 Dex+3 Stlth+
                  | Air}
 36458 | Vaults:5 | XOM: silly message
 36616 | Vaults:5 | XOM: scenery: create altars
 36728 | Vaults:5 | XOM: scenery: create altars
 36754 | Vaults:5 | XOM: summons 2 friendly demons
 36792 | Vaults:5 | XOM: divination: detect items
 36843 | Vaults:5 | XOM: noise
 37388 | D:13     | XOM: silly message
 37416 | D:13     | XOM: torment (81/119 hp)
 37446 | D:12     | XOM: summons 2 hostile shadow creatures
 37482 | D:10     | XOM: summons 2 hostile shadow creatures
 37589 | Depths:3 | Identified the "Kuqujeaz"
 37589 | Depths:3 | Identified the of Nuozuho
 37589 | Depths:3 | Identified the "Zoynoip"
 37589 | Depths:3 | Identified the of Vyjy
 37589 | Elf:1    | Entered Level 1 of the Elven Halls
 37610 | Elf:1    | XOM: swap monsters
 37616 | Elf:1    | XOM: polymorph deep elf pyromancer -> floating eye
 37620 | Elf:1    | Paralysed by a floating eye for 3 turns
 37671 | Elf:1    | Found Ajoi's Magic Scroll Shop.
 37681 | Elf:1    | XOM: confusion (+ monsters)
 37693 | Elf:1    | XOM: blink monster(s)
 37702 | Elf:1    | XOM: confuse monster(s)
 37707 | Elf:1    | Bought a scroll of enchant armour for 112 gold pieces
 37707 | Elf:1    | Bought a scroll of teleportation for 45 gold pieces
 37707 | Elf:1    | Bought a scroll of teleportation for 45 gold pieces
 37707 | Elf:1    | Bought a scroll of teleportation for 45 gold pieces
 37707 | Elf:1    | Bought a scroll of teleportation for 45 gold pieces
 37715 | Elf:1    | Noticed Kirke
 37724 | Elf:1    | Killed Kirke
 37736 | Elf:1    | Reached skill level 24 in Stealth
 37831 | Elf:1    | XOM: summons friendly quasit
 37837 | Elf:1    | XOM: blink monster(s)
 37934 | Elf:1    | Found Pucreink's Armour Boutique.
 37960 | Elf:1    | XOM: summons 8 hostile demons
 37969 | Elf:1    | XOM: potion effect (attraction)
 37981 | Elf:1    | Found Fitasor's Book Shoppe.
 37983 | Elf:1    | Bought a +2 pair of gloves of infusion for 387 gold pieces
 38031 | Elf:1    | Found Ypaabu's Antique Weapon Shoppe.
 38138 | Elf:1    | Identified the +2 pair of boots of Kikubaaqudgha's Pride
                  | {Will+}
 38473 | Elf:1    | XOM: silly message
 38496 | Elf:2    | Identified the "Lelek"
 38497 | Elf:2    | XOM: noise
 38519 | Elf:2    | Reached XP level 23. HP: 118/123 MP: 36/36
 38585 | Elf:2    | Found a runed translucent gate.
 38585 | Elf:2    | Found a runed translucent gate.
 38585 | Elf:2    | Found a runed translucent gate.
 38587 | Elf:2    | Noticed Foashama's ghost (adept DsWr)
 38663 | Elf:2    | Found Viugadiy's Weapon Boutique.
 38807 | Elf:2    | Found a huge runed translucent gate.
 38807 | Elf:2    | Found a huge runed translucent gate.
 38807 | Elf:2    | Found a huge runed translucent gate.
 38807 | Elf:2    | Found a huge runed translucent gate.
 38813 | Elf:2    | Found a huge runed translucent gate.
 39000 | Elf:2    | XOM: polymorph deep elf zephyrmancer -> manticore
 39413 | Elf:2    | Killed Foashama's ghost
 39434 | Elf:3    | Identified the "Xiteb"
 39434 | Elf:3    | Identified the of Ytzus
 39434 | Elf:3    | Identified the "Rishrioveet"
 39434 | Elf:3    | Identified the "Zaliz"
 39434 | Elf:3    | Identified the of Tuyheits
 39434 | Elf:3    | Identified the "Yfeka"
 39434 | Elf:3    | Entered Level 3 of the Elven Halls
 39690 | Elf:3    | XOM: god gift: 16 gold pieces
 39732 | Elf:3    | XOM: scenery: 4 doors open, 4 doors close
 39790 | Elf:3    | Found Tucupuoh's Assorted Antiques.
 39804 | Elf:3    | Noticed Zenata
 39807 | Elf:3    | Killed Zenata
 39900 | Elf:3    | Reached skill level 15 in Dodging
 39936 | Elf:3    | XOM: 2-stop teleportation journey
 40035 | Elf:3    | XOM: summons 2 friendly demons
 40047 | Elf:3    | XOM: summons 3 friendly demons
 40051 | Elf:3    | XOM: potion effect (brilliance)
 40119 | Elf:3    | XOM: divination: detect items
 40161 | Elf:3    | Identified the ring "Oxusue" {*Corrode rF++ Will++ Str+6}
 40193 | Elf:3    | Identified the -1 pair of boots of Ahyl {+Blink Fly rN+
                  | Will-}
 40199 | Elf:3    | Identified the +5 morningstar "Duzass" {antimagic, rPois
                  | Will+ SInv}
 40321 | Elf:3    | Identified the +5 short sword of Doomed Responsibility
                  | {venom, Will+ Dex+3}
 40322 | Elf:3    | Identified the +1 pair of gloves "Umuqy" {rCorr Int+2
                  | Dex+4}
 40325 | Elf:3    | XOM: summons 13 friendly demons
 40566 | Orc:2    | XOM: divination: detect creatures
 40691 | D:15     | Entered Level 15 of the Dungeon
 40842 | D:15     | Noticed Rupert
 40849 | D:15     | Killed Rupert
 40952 | D:15     | XOM: god gift: glowing long sword {god gift}
 41043 | D:15     | Noticed Roxanne
 41054 | D:15     | Killed Roxanne
 41212 | D:15     | Found a staircase to the Depths.
 41429 | Depths:1 | Entered Level 1 of the Depths
 41437 | Depths:1 | XOM: blink monster(s)
 41542 | Depths:1 | Found a broken altar of Ashenzari.
 41544 | Depths:1 | Noticed Sojobo
 41547 | Depths:1 | XOM: smoke on damage
 41555 | Depths:1 | Killed Sojobo
 41644 | Depths:1 | You fall into a shaft and drop 1 floor!
 41673 | Depths:2 | XOM: polymorph red very ugly thing -> brown very ugly thing
 41873 | Depths:1 | XOM: summons friendly white imp
 41899 | Depths:1 | XOM: divination: detect items
 41903 | Depths:1 | Reached XP level 24. HP: 118/130 MP: 36/36
 41905 | Depths:1 | XOM: cast spell 'Summon Mana Viper'
 41955 | Depths:1 | Found a snail-covered altar of Cheibriados.
 42095 | Depths:1 | Found Big Baal Hell's Store.
 42100 | Depths:1 | Found a gateway to Hell.
 42222 | Depths:2 | Identified the +0 plate armour "Ohasyism" {Stlth+}
 42231 | Depths:2 | Identified the ring "Caicix" {Ice Will- Slay+2 Stlth+}
 42231 | Depths:2 | Noticed Josephina
 42241 | Depths:2 | XOM: enchant monster (good)
 42245 | Depths:2 | Killed Josephina
 42317 | Depths:2 | Found a one-way gate to the infinite horrors of the Abyss.
 42333 | Depths:2 | Reached skill level 25 in Stealth
 42411 | Depths:2 | Noticed Boris
 42421 | Depths:2 | Killed Boris
 42495 | Depths:2 | XOM: cast spell 'Summon Dragon'
 42511 | Depths:2 | XOM: noise
 42512 | Depths:2 | Noticed a juggernaut
 42523 | Depths:2 | Killed a juggernaut
 42686 | Depths:2 | XOM: smoke on damage
 42770 | Depths:2 | XOM: summons 1 hostile shadow creature
 42858 | Depths:2 | Found a one-way gate leading to the halls of Pandemonium.
 43067 | Depths:3 | Noticed a juggernaut
 43075 | Depths:3 | Killed a juggernaut
 43128 | Depths:3 | XOM: enchant monster (good)
 43130 | Depths:3 | XOM: summons 2 friendly demons
 43134 | Depths:3 | XOM: summons friendly iron imp
 43140 | Depths:3 | XOM: cast spell 'Alistair's Intoxication'
 43227 | Depths:3 | XOM: swap monsters
 43232 | Depths:3 | Reached skill level 15 in Fighting
 43326 | Depths:3 | Identified the +1 robe of Vampiric Thralls {Harm Rampage
                  | Archmagi}
 43336 | Depths:3 | Identified the +7 orcbow of Geme {flame, rC++ Str+2 Int+4}
 43362 | Depths:3 | Found an iron altar of Okawaru.
 43367 | Depths:3 | XOM: summons 8 friendly demons
 43374 | Depths:3 | XOM: confusion (+ monsters)
 43438 | Depths:3 | Identified the +6 morningstar of Precise Incision {flame,
                  | rF+++ Str+2 Int-4 Stlth+}
 43448 | Depths:3 | Found the +4 Cigotuvi's embrace {Corpsefed rMiasma Drain
                  | rN+}
 43602 | Depths:3 | Found a gateway to a bazaar.
 43613 | Bazaar   | Entered a bazaar
 43613 | Bazaar   | Found Soheps's Distillery.
 43613 | Bazaar   | Found Elydul's Assorted Antiques.
 43616 | Bazaar   | Found Baxtak's General Store.
 43620 | Bazaar   | Bought a scroll of blinking for 165 gold pieces
 43621 | Bazaar   | Found Kuiduna Kixi's Antique Weapon Shoppe.
 43626 | Bazaar   | Bought a scroll of teleportation for 39 gold pieces
 43647 | Bazaar   | Found Noschor's General Store.
 43688 | Bazaar   | Bought a potion of resistance for 110 gold pieces
 43728 | Depths:3 | Found Moasimoj's Magic Scroll Emporium.
 43764 | Depths:3 | Found a one-way gateway to a ziggurat.
 43844 | Depths:3 | Found a hide-covered altar of Uskayaw.
 43885 | Depths:3 | Found Wisebyel's Antique Weapon Emporium.
 43895 | Depths:3 | XOM: give mutation
 43895 | Depths:3 | Gained mutation: You are highly strong-willed. (Will++)
                  | [Xom's grace]
 44111 | Depths:3 | Found Boliarh Xyta's Antique Armour Shop.
 44269 | Depths:4 | Entered Level 4 of the Depths
 44284 | Depths:4 | Noticed Parghit
 44291 | Depths:4 | Killed Parghit
 44292 | Depths:4 | XOM: enchant monster (good)
 44358 | Depths:4 | Found a gate to the Realm of Zot.
 44387 | Depths:4 | XOM: summons 6 friendly demons
 44402 | Depths:4 | XOM: summons 2 friendly demons
 44442 | Depths:4 | Reached XP level 25. HP: 136/136 MP: 36/36
 44463 | Depths:4 | Found a sparkling altar of Nemelex Xobeh.
 44515 | Depths:4 | XOM: potion effect (might)
 44767 | Depths:4 | Found a basalt altar of Yredelemnul.
 44826 | Depths:4 | XOM: polymorph frost giant -> formless jellyfish
 45017 | Depths:4 | XOM: cleaving
 45038 | Depths:4 | Identified the +0 pair of gloves "Qaptulag" {+Blink rC++
                  | Dex-4}
 45928 | Shoals:1 | Entered Level 1 of the Shoals
 46057 | Shoals:1 | Found Ubeshroaf's Magic Scroll Shop.
 46065 | Shoals:1 | Bought a scroll of blinking for 120 gold pieces
 46065 | Shoals:1 | Bought a scroll of enchant armour for 120 gold pieces
 46168 | Shoals:1 | XOM: give mutations
 46168 | Shoals:1 | Gained mutation: You are extremely strong-willed. (Will+++)
                  | [Xom's grace]
 46168 | Shoals:1 | Gained mutation: You are completely covered in iridescent
                  | scales. (AC +6) [Xom's grace]
 46168 | Shoals:1 | Gained mutation: You have a pair of small horns on your
                  | head. [Xom's grace]
 46238 | Shoals:1 | Identified the +0 great mace of Chaos {pain, *Noise
                  | *Corrode Str+4 SInv}
 46303 | Shoals:1 | XOM is BORED!
 46303 | Shoals:1 | XOM: give mutation
 46303 | Shoals:1 | Lost mutation: You are covered in thick fur. (AC +2) [Xom's
                  | mischief]
 46572 | Shoals:2 | Found Imeegepn's Gadget Gallery.
 46707 | Shoals:2 | XOM: give mutations
 46707 | Shoals:2 | Gained mutation: You are agile. (Dex +4, Str/Int -1) [Xom's
                  | grace]
 46707 | Shoals:2 | Gained mutation: Your mind is acute. (Int +4, Str/Dex -1)
                  | [Xom's grace]
 46915 | Shoals:2 | Found Ymiceto's Assorted Antiques.
 46926 | Shoals:2 | Bought a slimy scale mail for 288 gold pieces
 46926 | Shoals:2 | Identified the +0 scale mail of Goesisoe {-Tele Str+3} (You
                  | bought it in a shop on level 2 of the Shoals)
 46985 | Shoals:2 | XOM: silly message
 47359 | Shoals:3 | Noticed Polyphemus
 47371 | Shoals:3 | XOM: noise
 47377 | Shoals:3 | Killed Polyphemus
 47626 | Shoals:3 | Noticed Ilsuiw
 47650 | Shoals:3 | Killed Ilsuiw
 47979 | Shoals:4 | Entered Level 4 of the Shoals
 47979 | Shoals:4 | Noticed Louise
 47979 | Shoals:4 | Noticed Bai Suzhen
 47981 | Shoals:4 | Killed Bai Suzhen
 47985 | Shoals:4 | Killed Louise
 48019 | Shoals:4 | Reached skill level 26 in Stealth
 48133 | Shoals:4 | XOM: god gift: wand of polymorph (6)
 48135 | Shoals:4 | Identified the staff "Xublar" {rPois rF- Int+3 SInv Stlth+
                  | Poison}
 48164 | Shoals:4 | XOM: chaos upgrade
 48308 | Shoals:4 | Got a barnacled rune of Zot
 48354 | Shoals:4 | XOM: summons friendly white imp
 48399 | Shoals:4 | Noticed Mlioglotl
 48421 | Shoals:4 | Killed Mlioglotl
 48743 | Shoals:1 | XOM: torment (95/137 hp)
 48991 | Hell     | Entered the Vestibule of Hell
 48991 | Hell     | Noticed Geryon
 49022 | Depths:1 | Reached XP level 26. HP: 59/142 MP: 30/36
 49040 | Depths:1 | XOM: cloud trail
 49184 | Hell     | Killed Geryon
 49222 | Hell     | Found a gateway to the Iron City of Dis.
 49255 | Hell     | XOM: god gift: scimitar {god gift}
 49281 | Hell     | XOM: silly message
 49305 | Hell     | Found a gateway to the decaying netherworld of Tartarus.
 49326 | Hell     | XOM: confuse monster(s)
 49330 | Hell     | Reached skill level 15 in Shields
 49565 | Hell     | Found a gateway to the ashen valley of Gehenna.
 49565 | Hell     | Found a gateway to the freezing wastes of Cocytus.
 49565 | Hell     | XOM: 2-stop teleportation journey
 49576 | Hell     | XOM: 2-stop teleportation journey
 49621 | Hell     | XOM: 2-stop teleportation journey
 49854 | Hell     | XOM: confusion (+ monsters)
 49856 | Hell     | XOM: destruction
 49900 | Hell     | XOM: torment (98/143 hp)
 50003 | Slime:5  | Identified the of Oneot
 50003 | Coc:1    | Entered Level 1 of Cocytus
 50053 | Coc:1    | XOM: smoke on damage
 50311 | Coc:2    | XOM: enchant monster (bad)
 50333 | Coc:2    | Noticed an ancient lich
 50333 | Coc:2    | XOM: silly message
 50346 | Coc:2    | Killed an ancient lich
 50658 | Coc:3    | Noticed a shard shrike
 50661 | Coc:3    | Noticed a shard shrike
 50667 | Coc:3    | Noticed a shard shrike
 50671 | Coc:3    | XOM: scenery: summon butterflies
 50678 | Coc:3    | Killed a shard shrike
 50855 | Coc:3    | XOM: cast spell 'Call Canine Familiar'
 50858 | Coc:3    | Killed a shard shrike
 50859 | Coc:3    | Killed a shard shrike
 50956 | Coc:4    | XOM: silly message
 50980 | Coc:4    | Noticed an ancient lich
 50982 | Coc:4    | XOM: summons 1 hostile shadow creature
 51102 | D:15     | XOM: give mutation
 51102 | D:15     | Lost mutation: You are covered in fur. (AC +1) [Xom's
                  | mischief]
 51285 | Slime:1  | Entered Level 1 of the Pits of Slime
 51315 | Slime:2  | XOM: polymorph slime creature -> harpy
 51385 | Slime:5  | Entered Level 5 of the Pits of Slime
 51413 | Slime:5  | Noticed the Royal Jelly
 51415 | Slime:5  | XOM: confusion (+ monsters)
 51421 | Slime:5  | XOM: enchant monster (bad)
 51422 | Slime:5  | XOM: silly message
 51448 | Slime:5  | Killed the Royal Jelly
 51448 | Slime:5  | a rockslime changed into a juggernaut
 51448 | Slime:5  | Noticed a juggernaut
 51448 | Slime:5  | XOM: polymorph rockslime -> juggernaut
 51454 | Slime:4  | Killed a juggernaut
 51573 | Slime:5  | Lost mutation: Your mind is acute. (Int +4, Str/Dex -1) [a
                  | shining eye]
 51577 | Slime:5  | Gained mutation: You are weak. (Str -2) [a shining eye]
 51580 | Slime:5  | XOM: summons 4 friendly demons
 51582 | Slime:5  | Found the +10 tower shield of Ignorance {rN+ Int-4}
 51582 | Slime:5  | Lost mutation: You are agile. (Dex +4, Str/Int -1) [a
                  | shining eye]
 51598 | Slime:5  | XOM: silly message
 51660 | Slime:5  | Identified the +2 mace "Impbane" {flame, +Blink rPois}
 51662 | Slime:5  | Identified the +1 trident of Symmetry {drain, rPois rC-
                  | Int+2}
 51695 | Slime:5  | Got a slimy rune of Zot
 51713 | Slime:5  | Identified the +7 great sword of Zofur {heavy, Int-5 Dex+4}
 51937 | D:15     | XOM: summons 6 hostile demons
 51946 | D:15     | XOM: divination: detect creatures
 52035 | Depths:2 | XOM: divination: magic mapping
 52077 | Zot:1    | Entered Level 1 of the Realm of Zot
 52102 | Zot:1    | XOM: silly message
 52157 | Zot:1    | XOM: potion effect (experience)
 52157 | Zot:1    | Reached skill level 27 in Stealth
 52157 | Zot:1    | Reached XP level 27. HP: 145/149 MP: 34/36
 52328 | Zot:1    | Noticed an orb of fire
 52998 | Zot:1    | XOM: divination: magic mapping
 53314 | Zot:1    | XOM: silly message
 53494 | Zot:2    | XOM: cast spell 'Dispersal'
 53763 | Zot:2    | XOM: summons friendly iron imp
 53769 | Zot:2    | XOM: noise
 53919 | Zot:2    | XOM: noise
 53986 | Zot:2    | XOM: cast spell 'Olgreb's Toxic Radiance'
 54214 | Zot:3    | XOM: potion effect (haste)
 54220 | Zot:3    | XOM: silly message
 54272 | Zot:3    | XOM: potion effect (invisibility)
 54284 | Zot:3    | XOM: divination: detect creatures
 54286 | Zot:3    | XOM: potion effect (haste)
 54293 | Zot:3    | XOM: divination: detect creatures
 54300 | Zot:3    | XOM: silly message
 54303 | Zot:3    | XOM: cleaving
 54314 | Zot:3    | XOM: polymorph wind drake -> troll
 54378 | Zot:3    | XOM: 3-stop teleportation journey
 54462 | Zot:3    | XOM: god gift: potion of attraction
 54499 | Zot:3    | XOM: confuse monster(s)
 54568 | Zot:3    | XOM: scenery: summon butterflies
 54683 | Zot:3    | XOM: divination: magic mapping
 55032 | Zot:4    | XOM: fake destruction
 55052 | Zot:4    | XOM: confuse monster(s)
 55082 | Zot:4    | XOM: swap monsters
 55095 | Zot:4    | XOM: summons friendly ufetubus
 55101 | Zot:4    | XOM: blink monster(s)
 55230 | Zot:4    | XOM: noise
 55506 | Zot:4    | XOM: give mutations
 55506 | Zot:4    | Lost mutation: You have a pair of small horns on your head.
                  | [Xom's mischief]
 55506 | Zot:4    | Lost mutation: Your flesh is almost immune to the effects
                  | of cold. (rC+++) [Xom's mischief]
 55506 | Zot:4    | Lost mutation: You are completely covered in iridescent
                  | scales. (AC +6) [Xom's mischief]
 55506 | Zot:4    | Lost mutation: You have sharp toenails. [Xom's mischief]
 55636 | Zot:4    | XOM: summons 4 hostile shadow creatures
 56157 | Coc:4    | Killed an ancient lich
 56500 | Coc:5    | XOM: enchant monster (bad)
 56506 | Coc:5    | XOM: fake destruction
 56517 | Coc:5    | XOM: summons 3 friendly demons
 56537 | Coc:5    | XOM: chaos cloud
 56612 | Coc:5    | XOM: 2-stop teleportation journey
 56780 | Coc:5    | XOM: cloud trail
 56816 | Coc:6    | XOM: divination: detect items
 57060 | Coc:7    | XOM: stealth player
 57060 | Coc:7    | Entered Level 7 of Cocytus
 57211 | Coc:7    | Reached skill level 10 in Armour
 57231 | Coc:7    | XOM: cast spell 'Metabolic Englaciation'
 57247 | Coc:7    | XOM: noise
 57262 | Coc:7    | XOM: cast spell 'Dispersal'
 57264 | Coc:7    | XOM: summons friendly quasit
 57349 | Coc:7    | XOM: divination: magic mapping
 57369 | Coc:7    | XOM: noise
 57804 | Coc:7    | XOM: enchant monster (good)
 57889 | Coc:7    | XOM: cast spell 'Cause Fear'
 57918 | Coc:7    | Identified the +6 war axe "Tifuemer" {venom, Contam +Blink
                  | Str+7}
 57918 | Coc:7    | Noticed Antaeus
 57921 | Coc:7    | XOM: cast spell 'Olgreb's Toxic Radiance'
 57922 | Coc:7    | XOM: summons 3 friendly demons
 57924 | Coc:7    | XOM: summons friendly quasit
 57937 | Coc:7    | XOM: cast spell 'Discord'
 57948 | Coc:7    | Killed Antaeus
 57956 | Coc:7    | Got an icy rune of Zot
 58175 | Tar:1    | Entered Level 1 of Tartarus
 58178 | Tar:1    | Noticed an ancient lich
 58192 | Tar:1    | Killed an ancient lich
 58194 | Tar:1    | XOM: potion effect (invisibility)
 58311 | Tar:2    | XOM: divination: detect items
 58363 | Tar:2    | Reached skill level 10 in Translocations
 58551 | Tar:3    | XOM: potion effect (magic)
 58619 | Tar:3    | XOM: noise
 58772 | Tar:3    | XOM: silly message
 58852 | Tar:4    | Noticed a dread lich
 58890 | Tar:4    | XOM: divination: detect items
 58955 | Hell     | Killed a dread lich
 59155 | Tar:4    | XOM: divination: magic mapping
 59364 | Tar:5    | XOM: confuse monster(s)
 59383 | Tar:5    | XOM: smoke on damage
 59392 | Tar:5    | XOM: potion effect (invisibility)
 59407 | Tar:5    | XOM: potion effect (berserk rage)
 59775 | Tar:6    | Noticed an ancient lich
 59791 | Tar:6    | Killed an ancient lich
 59892 | Tar:6    | XOM: silly message
 60055 | Tar:7    | Entered Level 7 of Tartarus
 60163 | Tar:7    | Noticed a dread lich
 60166 | Tar:7    | XOM: confuse monster(s)
 60251 | Tar:7    | XOM: scenery: 4 doors open, 2 doors close
 60254 | Tar:7    | Paralysed by something for 5 turns
 60264 | Tar:7    | Gained mutation: You are dopey. (Int -2) [a cacodemon]
 60265 | Tar:7    | XOM: divination: magic mapping
 60267 | Tar:7    | Killed a dread lich
 60460 | Tar:7    | XOM: silly message
 60496 | Tar:7    | XOM: potion effect (curing)
 60573 | Tar:7    | XOM: divination: detect creatures
 60603 | Tar:7    | Identified the +0 leather armour of the Fiend {Rampage rN+
                  | Int-2 Dex+3}
 60630 | Tar:7    | XOM: divination: detect creatures
 60654 | Tar:7    | Noticed Ereshkigal
 60656 | Tar:7    | XOM: noise
 60669 | Tar:7    | XOM: potion effect (berserk rage)
 60677 | Tar:7    | Killed Ereshkigal
 60687 | Tar:7    | XOM: noise
 60723 | Tar:7    | XOM: divination: detect creatures
 60729 | Tar:7    | XOM: blink monster(s)
 60805 | Tar:7    | XOM: swap monsters
 60809 | Tar:7    | XOM: polymorph Tzitzimitl -> doom hound
 60812 | Tar:7    | XOM: fog
 60813 | Tar:7    | XOM: cast spell 'Death Channel'
 60975 | Tar:7    | Got a bone rune of Zot
 60997 | Tar:7    | Noticed an ancient lich
 60999 | Tar:7    | XOM: silly message
 61007 | Tar:7    | Killed an ancient lich
 61110 | Dis:7    | Identified the of Muiblix
 61110 | Geh:1    | Entered Level 1 of Gehenna
 61233 | Geh:1    | XOM: swap monsters
 61304 | Geh:1    | XOM: summons 2 hostile shadow creatures
 61348 | Geh:1    | XOM: summons 6 hostile demons
 61455 | Geh:2    | Noticed an ancient lich
 61462 | Geh:2    | Killed an ancient lich
 61505 | Geh:2    | XOM: give mutations
 61505 | Geh:2    | Lost mutation: You are mostly covered in iridescent scales.
                  | (AC +4) [Xom's mischief]
 61505 | Geh:2    | Gained mutation: You possess an exceptional clarity of
                  | mind. [Xom's mischief]
 61558 | Geh:2    | XOM: torment (110/151 hp)
 61919 | Geh:4    | Noticed a dread lich
 61936 | Geh:4    | XOM: 4-stop teleportation journey
 62241 | Geh:5    | XOM: smoke on damage
 62385 | Geh:5    | XOM: potion effect (invisibility)
 62497 | Geh:6    | XOM: potion effect (haste)
 62500 | Geh:6    | XOM: fog
 62700 | Geh:7    | Identified the "Uquc"
 62700 | Geh:7    | Entered Level 7 of Gehenna
 62766 | Geh:7    | XOM: polymorph hellion -> hell beast
 62997 | Geh:7    | XOM: enchant monster (bad)
 63143 | Geh:7    | XOM: confuse monster(s)
 63199 | Geh:7    | Found the +13 sceptre of Asmodeus
 63199 | Geh:7    | Noticed Asmodeus
 63225 | Geh:7    | Killed Asmodeus
 63235 | Geh:7    | Got an obsidian rune of Zot
 63332 | Geh:7    | Identified the +4 ring mail of the Slightly Bent {Int+3}
 63354 | Geh:7    | Identified the +1 great sword of Alaism {heavy, *Corrode
                  | rF+ rN+ Str-3 Dex+7}
 63440 | Geh:7    | XOM: enchant monster (bad)
 63452 | Geh:7    | XOM: summons friendly iron imp
 63505 | Geh:7    | Noticed the Serpent of Hell
 63519 | Geh:7    | Killed the Serpent of Hell
 63637 | Pan      | Entered Pandemonium
 63649 | Pan      | XOM: enchant monster (bad)
 63668 | Pan      | Identified the +3 battleaxe of Ritwuuvvi {pain, Will+ Str-5
                  | Dex+2}
 63678 | Pan      | Noticed Ottian the pandemonium lord
 63691 | Pan      | Killed Ottian the pandemonium lord
 63868 | Pan      | Noticed Dymiutag the pandemonium lord
 63886 | Pan      | Killed Dymiutag the pandemonium lord
 63899 | Pan      | XOM: fake destruction
 63989 | Pan      | XOM: confuse monster(s)
 64011 | Pan      | XOM: cast spell 'Death Channel'
 64112 | Pan      | Found Felodiss's Jewellery Shop.
 64112 | Pan      | Found an opulent altar of Gozag.
 64152 | Pan      | XOM: destruction
 64166 | Pan      | Noticed Ykhy the pandemonium lord
 64184 | Pan      | XOM: cleaving
 64190 | Pan      | Killed Ykhy the pandemonium lord
 64195 | Pan      | XOM: fake destruction
 64214 | Pan      | XOM: enchant monster (bad)
 64215 | Pan      | Found Felodiss's Fine Accessories.
 64218 | Pan      | XOM: cast spell 'Leda's Liquefaction'
 64228 | Pan      | Found Felodiss's Demonic Rune Trove.
 64275 | Pan      | Found an opulent altar of Gozag.
 64309 | Pan      | Found an opulent altar of Gozag.
 64421 | Pan      | XOM: silly message
 64431 | Pan      | XOM: scenery: summon butterflies
 64438 | Pan      | Found Felodiss's Assorted Sundries.
 64478 | Pan      | XOM: enchant monster (bad)
 64509 | Pan      | Bought a demonic rune of Zot for 7955 gold pieces
 64512 | Pan      | Entered the realm of Mnoleg.
 64585 | Pan      | Identified the +1 chain mail "Suto" {rC+ Will+}
 64683 | Pan      | XOM: fake destruction
 64687 | Pan      | Gained mutation: Your magical capacity is low. (-10% MP) [a
                  | neqoxec]
 64689 | Pan      | Gained mutation: You are frail. (-10% HP) [a neqoxec]
 64740 | Pan      | Gained mutation: You are very frail. (-20% HP) [a neqoxec]
 64761 | Pan      | XOM: fog
 64833 | Pan      | Noticed Mnoleg
 64839 | Pan      | Killed Mnoleg
 64849 | Pan      | Lost intelligence.
 64849 | Pan      | Gained mutation: You are very dopey. (Int -4) [a cacodemon]
 64850 | Pan      | XOM: cleaving
 64850 | Pan      | Gained mutation: You are clumsy. (Dex -2) [a cacodemon]
 64865 | Pan      | Got a glowing rune of Zot
 64866 | Pan      | Lost mutation: You possess an exceptional clarity of mind.
                  | [potion of mutation]
 64866 | Pan      | Lost mutation: Your movements are slightly less encumbered
                  | by armour. (ER -2) [potion of mutation]
 64866 | Pan      | Lost mutation: You are clumsy. (Dex -2) [potion of
                  | mutation]
 64866 | Pan      | Lost mutation: You are very dopey. (Int -4) [potion of
                  | mutation]
 64866 | Pan      | Lost mutation: You are very frail. (-20% HP) [potion of
                  | mutation]
 64867 | Pan      | Lost mutation: You are extremely strong-willed. (Will+++)
                  | [potion of mutation]
 64867 | Pan      | Lost mutation: You are dopey. (Int -2) [potion of mutation]
 64867 | Pan      | Lost mutation: Your magical capacity is low. (-10% MP)
                  | [potion of mutation]
 64867 | Pan      | Gained mutation: You are agile. (Dex +4, Str/Int -1)
                  | [potion of mutation]
 64914 | Pan      | XOM: noise
 64925 | Pan      | XOM: noise
 65036 | Pan      | Noticed Noum the pandemonium lord
 65038 | Pan      | XOM: divination: detect creatures
 65039 | Pan      | XOM: smoke on damage
 65078 | Pan      | XOM: confuse monster(s)
 65216 | Pan      | XOM: enchant monster (bad)
 65302 | Pan      | XOM: noise
 65305 | Pan      | XOM: scenery: 1 doors open
 65325 | Pan      | XOM: cast spell 'Call Canine Familiar'
 65376 | Pan      | XOM: silly message
 65400 | Pan      | Identified the "Rucwetuo"
 65400 | Pan      | Identified the of Kujatoar
 65400 | Pan      | Identified the of Ikyich
 65400 | Pan      | Entered the realm of Cerebov.
 65413 | Pan      | Noticed Mennas
 65430 | Pan      | Killed Mennas
 65503 | Pan      | Found an exit through the horrors of the Abyss.
 65554 | Pan      | XOM: give mutation
 65554 | Pan      | Gained mutation: Your flesh is heat resistant. (rF+) [Xom's
                  | mischief]
 65696 | Pan      | XOM: swap monsters
 65868 | Pan      | XOM: chaos cloud
 66078 | Pan      | XOM: silly message
 66100 | Pan      | Identified the ring "Hucealak" {rPois Will+ Int-3 Dex+10}
 66109 | Pan      | Identified the +12 chain mail "Jewaavuwka" {rF+ Regen+
                  | SInv}
 66143 | Pan      | Found the +6 sword of Cerebov {flame}
 66143 | Pan      | Noticed Cerebov
 66168 | Pan      | XOM: polymorph Cerebov -> Cerebov
 66187 | Pan      | XOM: summons 3 friendly demons
 66192 | Pan      | Killed Cerebov
 66222 | Pan      | Identified the ring "Norapsoz" {Fire *Slow rPois Str+2
                  | Int+4}
 66257 | Pan      | Got a fiery rune of Zot
 66368 | Pan      | XOM: swap monsters
 66391 | Pan      | XOM: enchant monster (good)
 66439 | Pan      | XOM: blink monster(s)
 66519 | Pan      | Found a transporter.
 66928 | Pan      | XOM: blink monster(s)
 67072 | Pan      | Found an exit through the horrors of the Abyss.
 67124 | Pan      | Noticed Vastacej the pandemonium lord
 67134 | Pan      | XOM: potion effect (experience)
 67137 | Pan      | Killed Vastacej the pandemonium lord
 67203 | Pan      | Entered the realm of Gloorx Vloq.
 67401 | Pan      | Reached skill level 15 in Armour
 67486 | Pan      | XOM: butterfly on damage
 67489 | Pan      | XOM: cast spell 'Summon Small Mammal'
 67566 | Pan      | Noticed Gloorx Vloq
 67574 | Pan      | Killed Gloorx Vloq
 67600 | Pan      | Got a dark rune of Zot
 67761 | Pan      | Found an exit through the horrors of the Abyss.
 67775 | Pan      | XOM: cast spell 'Dispersal'
 67817 | Pan      | Entered the realm of Lom Lobon.
 67831 | Pan      | XOM: confuse monster(s)
 67846 | Pan      | XOM: confuse monster(s)
 67934 | Pan      | XOM: enchant monster (bad)
 67958 | Pan      | Noticed Lom Lobon
 68008 | Pan      | Killed Lom Lobon
 68045 | Pan      | Got a magical rune of Zot
 68061 | Pan      | XOM: cloud trail
 68172 | Pan      | Identified the of Memoezur
 68172 | Pan      | Found an exit through the horrors of the Abyss.
 68186 | Pan      | Took an exit into the Abyss.
 68186 | Abyss:1  | Escaped into the Abyss
 68698 | Abyss:2  | Found a corrupted altar of Lugonu.
 68793 | Abyss:3  | Found a corrupted altar of Lugonu.
 68794 | Abyss:3  | Found a corrupted altar of Lugonu.
 68838 | Abyss:3  | Found a transporter.
 68927 | Abyss:3  | XOM: cast spell 'Summon Ice Beast'
 68933 | Abyss:3  | Found a transporter.
 68936 | Abyss:3  | Found a transporter.
 68950 | Abyss:3  | XOM: cast spell 'Call Canine Familiar'
 68957 | Abyss:3  | XOM: divine lightning
 68971 | Abyss:3  | XOM: summons 8 friendly demons
 68975 | Abyss:3  | XOM: divination: magic mapping
 69000 | Abyss:3  | Found a corrupted altar of Lugonu.
 69015 | Abyss:3  | Found a transporter.
 69018 | Abyss:3  | Found a transporter.
 69056 | Abyss:3  | Identified the amulet of the Queen {Acrobat Str+2}
 69067 | Abyss:3  | Found a transporter.
 69081 | Abyss:3  | Identified the amulet "Ohubrej" {Spirit Drain rN++ Int+4}
 69089 | Abyss:3  | Found a transporter.
 69130 | Abyss:3  | XOM: silly message
 69136 | Abyss:3  | XOM: potion effect (invisibility)
 69322 | Abyss:4  | XOM: silly message
 69329 | Abyss:4  | Found a corrupted altar of Lugonu.
 69393 | Abyss:4  | XOM: silly message
 69423 | Abyss:4  | Paralysed by accursed screaming for 2 turns
 69453 | Abyss:4  | XOM: potion effect (haste)
 69465 | Abyss:4  | Paralysed by accursed screaming for 1 turns
 69468 | Abyss:4  | XOM: divination: magic mapping
 69477 | Abyss:4  | XOM: cast spell 'Summon Mana Viper'
 69508 | Abyss:4  | Got an abyssal rune of Zot
 69525 | Abyss:4  | XOM: confuse monster(s)
 69572 | Depths:2 | Escaped the Abyss
 69652 | Dis:1    | Entered Level 1 of the Iron City of Dis
 69685 | Hell     | XOM: potion effect (haste)
 69792 | Dis:1    | You are sucked into a shaft and drop 1 floor!
 69988 | Dis:2    | XOM: enchant monster (bad)
 70194 | Hell     | XOM: enchant monster (good)
 70200 | Hell     | XOM: enchant monster (bad)
 70291 | Hell     | XOM: confuse monster(s)
 70442 | Dis:4    | Lost intelligence.
 70443 | Dis:4    | HP: 5/104 [caustic shrike (14)]
 70444 | Dis:4    | Demolished by a caustic shrike

Illustrated notes

Levels and vault maps discovered:
D:1:      dpeg_arrival_oval, layout_basic, grunt_decor_resistance
D:2:      layout_basic, serial_shops, shop
D:3:      layout_rooms, mainiacjoe_overflow_six_doors_small,
          grunt_temple_overflow_open
D:4:      layout_basic, zin_academy, hex_medium, nicolae_goblin_pals
D:5:      layout_cave_pools, nicolae_ru_path_of_blood,
          minmay_temple_entry_trees, kennysheep_generic_room_16, uniq_edmund
D:6:      layout_basic, xom_confusion_cloud, uniq_maggie, uniq_eustachio
D:7:      layout_basic, nzn_wu_jian_contemplation, enter_ossuary_1,
          uniq_menkaure, uniq_prince_ribbit1
D:8:      layout_loops_ring, kennysheep_generic_room_8
D:9:      layout_gridville, uniq_maurice
D:10:     layout_basic, grunt_dithmenos_smoke, hiddenorc2_lemuel,
          enter_bailey_7, minivault_12
D:11:     layout_loops_cross, hellmonk_lair_entry_icy, gauntlet_entry_generic,
          uniq_erolcha
D:12:     layout_big_octagon, gammafunk_ghost_necromancy, minivault_25
D:13:     layout_long_grid, hellmonk_vaults_keyhole, serial_shops, shop,
          portal_ice_cave_demonic_guard, introduction_to_nature_1
D:14:     layout_rooms, serial_corexii_hall, corexii_hall_statues_l,
          chequers_hall_statues_y, uniq_azrael, uniq_jorgrun
D:15:     grunt_enter_depths_magical_seal, layout_loops_ring,
          minmay_misc_feat_cross, uniq_roxanne, uniq_rupert
Lair:1:   layout_cellular_growth, lemuel_fruit_tree
Lair:2:   layout_misc_corridors, grunt_megastairs_2
Lair:3:   layout_concentric_octagons, minmay_shoals_entry_beasts,
          dummy_snake_entry, gammafunk_ghost_cemetery
Lair:4:   layout_misc_corridors, worms_lemuel, grunt_megastairs_5
Lair:5:   grunt_lair_end_beastmaster, layout_regular_city,
          dpeg_slime_entry_corner
Shoals:1: layout_shoals, serial_shops, shop
Shoals:2: nzn_motion_control, layout_shoals, serial_shops, shop,
          nicolae_shop_gadgets
Shoals:3: layout_shoals, uniq_ilsuiw, uniq_polyphemus
Shoals:4: shoals_end_hellmonk_lost_city, uniq_mlioglotl, uniq_louise,
          uniq_bai_suzhen
Snake:1:  layout_gridlike, minmay_shoptagon
Snake:2:  layout_gridlike, basic_altar, nicolae_stop_n_shop_1, minmay_shop_grove
Snake:3:  cheibrodos_snake_ritualist_ritual, layout_basic
Snake:4:  hellmonk_snake_rune_quicksilver_temple, layout_chambers, serial_shops,
          shop, grunt_ministairs_8, nicolae_snake_slithery_corners,
          serial_nicolae_subway, nicolae_sub_station_crystal,
          nicolae_sub_station_stone, nicolae_sub_station_metal
Slime:1:  layout_caves
Slime:2:  layout_caves
Slime:3:  layout_caves
Slime:4:  layout_caves
Slime:5:  slime_pit
Orc:1:    layout_caves, nicolae_volcano_entry_lava_flow
Orc:2:    st_orc_mages, layout_diamond_mine
Elf:1:    layout_loops_cross, serial_shops, shop,
          nicolae_shop_tiny_real_fake_doors, shop, nicolae_square_shop,
          kennysheep_underground_church, corexii_leaking_fountain,
          elves_outpost_lemuel, uniq_kirke
Elf:2:    elven_hall_of_blades_hangedman_alternative
          [nooodl_blade_entry_preview], layout_gridlike,
          ebering_ghost_rock_garden, serial_shops, nicolae_shop_hallway_plus
Elf:3:    minmay_elf_hall_dome, layout_gridlike, serial_aquarium,
          aquarium_bridge_straight [aquarium_subvault_bridge,
          aquarium_subvault_wall, aquarium_subvault_bridge,
          aquarium_subvault_window], aquarium_bridge_square
          [aquarium_subvault_wall, aquarium_subvault_bridge,
          aquarium_subvault_bridge, aquarium_subvault_bridge],
          aquarium_window_fake, aquarium_window_2, aquarium_view_2e,
          aquarium_pool_split, serial_shops, shop, uniq_zenata
Vaults:1: nicolae_vaults_doubleplus_tesselated, nicolae_vaults_weapon_check,
          vaults_mumra_lcd, ontoclasm_vaults_idyll,
          nicolae_vaults_closet_pinwheel_5, v_pattern_3,
          nicolae_vaults_cornered_office, hangedman_vaults_cutoff,
          nicolae_vaults_storage_room_statues, nicolae_vaults_tetromino_Z_2,
          nicolae_vaults_security_offices_3, layout_vaults_omnigrid
Vaults:2: nicolae_vaults_closet_pinwheel_5,
          nicolae_vaults_windows_and_doors_thing, nicolae_vaults_sightless_eye,
          nicolae_vaults_good_morning_starshine,
          nicolae_vaults_closet_pinwheel_3, ontoclasm_vaults_gateway,
          nicolae_vaults_network_s, ontoclasm_vaults_chip, v_misc_25,
          minmay_crypt_entry_simple_corners, nicolae_vaults_tetromino_L_2,
          nicolae_vaults_little_squares_2, nicolae_vaults_asterisk,
          layout_vaults_big_cross, serial_shops, nicolae_square_shop,
          uniq_saint_roka
Vaults:3: v_misc_14, vaults_room_large_hall, vaults_dpeg_encased_lava,
          nicolae_vaults_little_squares_1, nicolae_vaults_house_1,
          nicolae_vaults_closet_pinwheel_5, nicolae_vaults_house_2,
          ontoclasm_vaults_chip, vaults_room_stairs_pillars, vaults_room_pool,
          vaults_room_semicircle, layout_vaults_big_room
Vaults:4: nicolae_vaults_steering_wheel, nicolae_vaults_tetromino_L_2,
          nicolae_vaults_shrinking_rooms_1, nicolae_vaults_closet_pinwheel_1,
          nicolae_vaults_tangram_1, nicolae_vaults_tetromino_Z_2, v_rooms_3,
          nicolae_vaults_little_squares_2, nicolae_vaults_apartment_2,
          st_lattice, ontoclasm_vaults_ligature, layout_vaults_maze_snakey,
          serial_shops, shop, uniq_boris, uniq_jory
Vaults:5: serial_shops, uniq_margery
Crypt:1:  layout_gridlike, basic_altar, grunt_megastairs_4
Crypt:2:  layout_basic, hangedman_summoners_spam
Crypt:3:  david_glass_crypt, layout_chaotic_city, tomb_entry_sphere_bobbens,
          minmay_misc_feat_hallway
Depths:1: layout_cave_pools, nicolae_hell_entry_big_baal_hell,
          evilmike_ruin_ashenzari, cheibriados_altar_1, uniq_sojobo
Depths:2: minmay_slanted_spiral_squares, layout_basic, pan_entry, hell_entry,
          abyss_entry, corexii_corridor_pit, uniq_josephina
Depths:3: evilmike_iron_armoury, layout_cave_shapes, enter_ziggurat_f,
          hell_entry, serial_shops, statue_bzr, kennysheep_mini_moat,
          shop_statue, nicolae_shop_just_a_little_nook, abyss_entry,
          serial_hangedman_research, hangedman_research_pyrotechnics,
          hangedman_research_convocations, hangedman_research_geology,
          hangedman_research_toxicology, eat_drink_and_be_merry_uskayaw,
          serial_bayou_shore_b
Depths:4: grunt_crosshair, layout_basic, yredelemnul_altar_generic, hellmouth_1,
          abyss_entry, nemelex_xobeh_ov_fountains_minmay, serial_bayou_shore_b,
          uniq_parghit
Hell
Dis:1:    layout_gridville
Dis:2:    layout_jigsaw, nicolae_dis_strange_trophy_room
Dis:3:    layout_subdivisions
Dis:4:    nicolae_dis_pentagon_2, layout_gridville, special_room
          [special_room_morgue]
Geh:1:    layout_gehenna_lava_caves
Geh:2:    layout_gehenna_pools_box
Geh:3:    layout_gehenna_lava_caves, lemuel_flamethrower_2
Geh:4:    layout_gehenna_pools_basic, special_room [special_room_morgue]
Geh:5:    layout_gehenna_lava_caves
Geh:6:    layout_gehenna_pools_triple
Geh:7:    geh_old
Coc:1:    layout_cocytus_water_paths
Coc:2:    layout_ice_bergs
Coc:3:    layout_ice_bergs
Coc:4:    layout_ice_bergs
Coc:5:    layout_cocytus_water_paths
Coc:6:    layout_cocytus_water_paths
Coc:7:    coc_old
Tar:1:    layout_grid_maze
Tar:2:    layout_catacombs, nicolae_tar_cuneiform_bread
Tar:3:    layout_cathedral_of_symmetry
Tar:4:    layout_grid_maze
Tar:5:    hangedman_tartarus_temple_path, layout_cathedral_of_symmetry
Tar:6:    layout_catacombs
Tar:7:    tar_grunt_cathedral
Zot:1:    layout_gridville, nrook_zot_tub
Zot:2:    layout_gridlike
Zot:3:    layout_misc_corridors
Zot:4:    layout_onion_interference, grunt_megastairs_3

Skill      XL: |  1  2  3  4  5  6  7  8  9 10 11 12 13 14 15 16 17 18 19 20 21 22 23 24 25 26 27 |
---------------+----------------------------------------------------------------------------------+-----
Dodging        | 1 2 3 4 5 6 7 8 9 10 12 13 14 15 16 17 21 | 21.4
Fighting       | 3 4 5 6 7 8 9 10 11 12 13 14 15 16 22 | 22.0
Armour         | 2 3 4 5 6 7 8 16 | 16.1
Short Blades   | 3 4 5 6 7 8 9 11 12 14 15 16 17 22 | 22.1
Stealth        | 3 5 8 10 12 13 14 15 16 17 18 20 21 23 24 25 26 27 | 27.0
Shields        | 1 3 4 5 6 7 8 9 10 11 12 13 14 15 21 | 21.0
Evocations     | 1 3 4 5 6 |  6.4
Spellcasting   | 2 4 5 7 8 9 |  9.9
Translocations | 2 4 5 6 14 | 14.3
Shapeshifting  | 3 8 12 15 17 18 19 20 21 22 | 22.3

Action                     |  1- 3 |  4- 6 |  7- 9 | 10-12 | 13-15 | 16-18 | 19-21 | 22-24 | 25-27 || total
---------------------------+-------+-------+-------+-------+-------+-------+-------+-------+-------++-------
  Melee: Short sword       |   103 |   144 |   347 |    50 |       |       |       |       |       ||   644
         Bite              |    33 |    48 |   119 |   260 |   711 |   569 |  1188 |   966 |  4389 ||  8283
         Punch             |     1 |     1 |     3 |       |       |       |       |       |       ||     5
         Kick              |       |    26 |   123 |   290 |   696 |   575 |   163 |    70 |       ||  1943
         Unarmed           |       |     2 |       |       |       |       |       |       |       ||     2
         Rapier            |       |       |       |   104 |       |       |       |       |       ||   104
         Dagger            |       |       |       |   518 |  1178 |       |       |       |       ||  1696
         Quick blade       |       |       |       |       |   432 |  1189 |  2027 |  1736 |  6678 || 12062
         Headbutt          |       |       |       |       |       |   219 |   567 |       |   777 ||  1563
  Evoke: Wand              |       |       |     1 |       |     2 |       |       |       |    14 ||    17
         Condenser vane    |       |       |       |       |       |       |       |       |     6 ||     6
         Phantom mirror    |       |       |       |       |       |       |       |       |     1 ||     1
    Use: Scroll            |       |     5 |     7 |     2 |    14 |     6 |     2 |     6 |    38 ||    80
         Potion            |       |       |       |     1 |       |       |     2 |     1 |    17 ||    21
   Stab: Sleeping          |     2 |     1 |     8 |    14 |    53 |    94 |    53 |    60 |   188 ||   473
         Distracted        |       |     1 |       |     3 |    17 |    34 |    76 |    55 |   279 ||   465
         Paralysed         |       |     2 |     5 |     2 |     1 |       |     1 |       |       ||    11
         Confused          |       |       |     4 |     3 |     9 |     3 |    13 |     5 |    28 ||    65
         Invisible         |       |       |       |     9 |    28 |     1 |       |       |     4 ||    42
         Petrifying        |       |       |       |       |     2 |       |       |       |     1 ||     3
         Petrified         |       |       |       |       |       |     1 |       |     1 |     1 ||     3
         Fleeing           |       |       |       |       |       |       |       |       |     1 ||     1
 Armour: Leather armour    |    64 |    71 |    31 |       |       |       |       |    10 |       ||   176
         Skin              |       |     2 |       |       |       |       |       |    45 |       ||    47
         Steam dragon scal |       |       |    80 |    34 |       |       |       |       |       ||   114
         Ring mail         |       |       |       |   119 |   454 |   188 |   446 |   228 |   429 ||  1864
         Shadow dragon sca |       |       |       |       |       |       |       |       |   939 ||   939
  Dodge: Dodged            |    54 |    93 |   299 |   296 |   750 |   274 |   576 |   393 |  1584 ||  4319
  Block: Kite shield       |       |       |    54 |   318 |   770 |   343 |   647 |   466 |   577 ||  3175
         Tower shield      |       |       |       |       |       |       |       |       |  2924 ||  2924
         Form:             |       |       |       |       |       |       |       |     1 |       ||     1
         Statue            |       |       |       |       |       |       |       |     1 |       ||     1

Table legend: (Time is in decaauts)
 A = Elapsed time spent in this place.
 B = Non-inter-level travel time spent in this place.
 C = Inter-level travel time spent in this place.
 D = Time resting spent in this place.
 E = Time spent auto-exploring this place.
 F = Levels seen in this place.
 G = Mean time per level.
                   A        B        C        D        E       F      G
               +--------+--------+--------+--------+--------+-----+--------+
         Total |  67217 |  60589 |   6628 |   7863 |  34057 | 111 |  605.6 |
       Dungeon |  18561 |  16424 |   2137 |   6038 |   7438 |  15 | 1237.4 |
          Lair |   4288 |   3750 |    538 |    129 |   2587 |   5 |  857.6 |
        Shoals |   2686 |   2535 |    151 |      0 |   1817 |   4 |  671.5 |
     Snake Pit |   3351 |   3208 |    143 |     14 |   2505 |   4 |  837.8 |
    Slime Pits |    439 |    439 |      0 |     46 |     22 |   5 |   87.8 |
  Orcish Mines |   1510 |   1184 |    326 |      0 |    861 |   2 |  755.0 |
   Elven Halls |   3287 |   2842 |    445 |     39 |   1827 |   3 | 1095.7 |
        Vaults |   6983 |   6329 |    654 |     97 |   4519 |   5 | 1396.6 |
         Crypt |   2448 |   2327 |    121 |     12 |   1513 |   3 |  816.0 |
        Depths |   4347 |   3560 |    787 |    244 |   2472 |   4 | 1086.8 |
          Hell |   1324 |   1099 |    225 |    286 |    422 |   1 | 1324.0 |
           Dis |    534 |    381 |    153 |     34 |    178 |   4 |  133.5 |
       Gehenna |   2246 |   2180 |     66 |     34 |   1208 |   7 |  320.9 |
       Cocytus |   2717 |   2286 |    431 |     62 |   1381 |   7 |  388.1 |
      Tartarus |   2637 |   2417 |    220 |    226 |   1087 |   7 |  376.7 |
           Zot |   3164 |   2940 |    224 |     59 |   2225 |   4 |  791.0 |
         Abyss |   1290 |   1290 |      0 |    401 |     32 |   4 |  322.5 |
   Pandemonium |   4183 |   4183 |      0 |    139 |   1506 |  22 |  190.1 |
        Bazaar |     98 |     98 |      0 |      0 |     54 |   1 |   98.0 |
       Ossuary |    210 |    210 |      0 |      0 |    112 |   1 |  210.0 |
        Bailey |    328 |    328 |      0 |      0 |    104 |   1 |  328.0 |
       Volcano |    223 |    223 |      0 |      2 |     61 |   1 |  223.0 |
      Gauntlet |    352 |    352 |      0 |      0 |    122 |   1 |  352.0 |
               +--------+--------+--------+--------+--------+-----+--------+

Top non-repeatable levels by time:
     D:1: 6258 daAuts
Vaults:2: 1769 daAuts
Vaults:5: 1556 daAuts
    D:13: 1435 daAuts
Vaults:1: 1366 daAuts
    Hell: 1324 daAuts
Vaults:4: 1309 daAuts
    D:10: 1306 daAuts
 Snake:4: 1236 daAuts
  Lair:3: 1216 daAuts
   Elf:1: 1205 daAuts
Depths:1: 1158 daAuts
   Zot:4: 1145 daAuts
   Elf:3: 1141 daAuts
Depths:2: 1112 daAuts
